 Dungeon Crawl Stone Soup version 0.31-a0-532-g28f74ba3e5 (webtiles) character file.

Game seed: 3200870838803776692

1289024 Ofeo the Draconian Barricade (level 27, -5/354 HPs)
             Began as a Red Draconian Hunter on Aug 11, 2023.
             Was the Champion of the Shining One.
             Killed by divine providence
             ... invoked by a mummy priest
              (9 damage)
             ... on level 3 of the Tomb of the Ancients on Aug 12, 2023.
             The game lasted 05:46:25 (134302 turns).

Ofeo the Draconian Barricade (DrHu)               Turns: 134302, Time: 05:46:25

Health: -5/354     AC: 48    Str: 14      XL:     27
Magic:  14/37      EV: 44    Int: 13 (15) God:    the Shining One [******]
Gold:   12362      SH: 38    Dex: 31 (35) Spells: 23/42 levels left

rFire   + + +        a - +9 eudemon blade (holy)
rCold   + . .        I - +8 tower shield {AC+3}
rNeg    + + +        (body armour unavailable)
rPois   ∞            L - +3 hat "Xylum" {rF++}
rElec   +            S - +2 cloak {rCorr}
rCorr   +            Y - melded +2 pair of gloves {Dex+3}
SInv    .            X - melded +2 pair of boots of Mirth {+Inv rPois Will+}
Will    ++...        R - amulet of the Air {Inacc Air Fly rElec RMsl}
Stlth   ++           t - ring "Koeduiry" {rF+ Int+3 Dex+6}
HPRegen 0.79/turn    B - ring of the Republic {rPois rC+ AC+4 Dex+3 Stlth+}
MPRegen 0.25/turn

%: inaccuracy (-5), repel missiles
@: mighty, statue-form, marked, flying, slowed, glowing, very slow
A: slow and powerful, torment resistance 1, boosted hp, (breathe fire), AC +13,
unfitting armour, fire resistance 1, cold-blooded
}: 14/15 runes: barnacled, slimy, silver, iron, obsidian, icy, bone, abyssal,
demonic, glowing, magical, fiery, dark, gossamer
a: Begin Untransformation, Renounce Religion, Divine Shield, Cleansing Flame,
Summon Divine Warrior


You were on level 3 of the Tomb of the Ancients.
You worshipped the Shining One.
The Shining One was exalted by your worship.
You were a living statue of rough stone.
You visited 18 branches of the dungeon, and saw 86 of its levels.
You visited Pandemonium 1 time, and saw 16 of its levels.
You visited the Abyss 4 times.
You also visited: Trove, Bailey and Volcano.

You collected 15258 gold pieces.
You spent 2896 gold pieces at shops.

Inventory:

Hand Weapons
 a - a +9 eudemon blade of holy wrath (weapon)
 b - a +9 hand crossbow of flaming
Missiles
 l - 17 silver javelins
 z - 8 throwing nets
 M - 12 curare-tipped darts
Armour
 I - a +8 tower shield of protection (worn)
 L - the +3 hat "Xylum" (worn) {rF++}
   (You found it on level 1 of the Realm of Zot)

   rF++:      It greatly protects you from fire.
 S - a +2 cloak of preservation (worn)
 X - the +2 pair of boots of Mirth (melded) {+Inv rPois Will+}
   (You acquired it on level 3 of the Elven Halls)

   rPois:     It protects you from poison Will+: It increases your willpower.
   +Inv:      It lets you turn invisible.
 Y - a +2 pair of gloves of dexterity (melded)
Jewellery
 t - the ring "Koeduiry" (left fist) {rF+ Int+3 Dex+6}
   (You took it off a deep elf pyromancer on level 3 of the Elven Halls)

   [ring of dexterity]

   Int+3:     It affects your intelligence (+3).
   Dex+6:     It affects your dexterity (+6).
   rF+:       It protects you from fire.
 A - the ring "Suitidas" {rF++ rC+}
   (You found it on level 7 of Cocytus)

   [ring of protection from cold]

   rF++:      It greatly protects you from fire.
   rC+:       It protects you from cold.
 B - the ring of the Republic (right fist) {rPois rC+ AC+4 Dex+3 Stlth+}
   (You found it on level 2 of the Realm of Zot)

   [ring of protection]

   AC+4:      It affects your AC (+4).
   Dex+3:     It affects your dexterity (+3).
   rC+:       It protects you from cold.
   rPois:     It protects you from poison Stlth+: It makes you more stealthy.
 C - the ring "Kaczozy" {Ice rN+ Will+ Str+2}
   (You bought it in a shop on level 3 of the Shoals)

   [ring of ice]

   Ice:       It enhances your ice magic.
   Str+2:     It affects your strength (+2).
   rF-:       It makes you vulnerable to fire.
   rC+:       It protects you from cold.
   rN+:       It protects you from negative energy.
   Will+:     It increases your willpower.
 F - the ring "Luirruxt" {Ice *Corrode +Blink Will++ Str+2}
   (You took it off Josephina on level 3 of the Crypt)

   [ring of ice]

   Ice:       It enhances your ice magic.
   Str+2:     It affects your strength (+2).
   rF-:       It makes you vulnerable to fire.
   rC+:       It protects you from cold.
   Will++:    It greatly increases your willpower.
   +Blink:    It lets you blink.
   *Corrode:  It may corrode you when you take damage.
 R - the amulet of the Air (around neck) {Inacc Air Fly rElec RMsl}
   (You found it in a treasure trove)

   [amulet of nothing]

   Inacc:     It reduces the accuracy of your attacks and spells.
   Air:       It enhances your air magic.
   rElec:     It insulates you from electricity.
   Fly:       It grants you flight.
   RMsl:      It protects you from missiles.
 W - the amulet "Umiso" {Spirit rN+ Int+2 Stlth+}
   (You found it on level 4 of the Shoals)

   [amulet of guardian spirit]

   Spirit:    It causes incoming damage to be divided between your reserves of
   health and magic.
   Int+2:     It affects your intelligence (+2).
   rN+:       It protects you from negative energy.
   Stlth+:    It makes you more stealthy.
 Z - an amulet of reflection
Talismans
 v - a maw talisman
 P - a granite talisman (active)
Wands
 g - a wand of digging (32) {@v1}
 i - a wand of light (14)
 y - a wand of mindburst (85)
 E - a wand of charming (19)
 O - a wand of roots (62)
Scrolls
 c - 11 scrolls of poison
 k - 5 scrolls of butterflies
 n - 11 scrolls of fog
 p - 2 scrolls of teleportation {@r3}
 u - 6 scrolls of revelation
 w - 4 scrolls of fear
 G - 6 scrolls of amnesia
 H - 2 scrolls of enchant armour
 Q - 4 scrolls of immolation
Potions
 e - 19 potions of enlightenment
 j - 11 potions of attraction
 m - a potion of might {@q4}
 q - 19 potions of curing {@q1}
 r - 6 potions of resistance {@q6}
 x - 9 potions of magic
 D - 8 potions of mutation
 N - 4 potions of ambrosia
 U - 8 potions of cancellation
Miscellaneous
 f - a sack of spiders
 o - a lightning rod (4/4)
 J - a tin of tremorstones (2/2)
 T - a phantom mirror
 V - a phial of floods


   Skills:
 O Level 27 Fighting
 - Level 20.0 Long Blades
 - Level 18.0 Ranged Weapons
 - Level 6.0 Throwing
 O Level 27 Dodging
 - Level 5.5 Stealth
 O Level 27 Shields
 - Level 8.2 Spellcasting
 - Level 12.0 Translocations
 - Level 8.0 Transmutations
 - Level 4.0 Air Magic
 - Level 21.5 Invocations
 - Level 20.3 Evocations
 + Level 21.4 Shapeshifting


You had 23 spell levels left.
You knew the following spells:

 Your Spells              Type           Power      Damage    Failure   Level
b - Passwall              Tmut/Erth      12%        N/A       4%          2
d - Vhi's Electric Charg  Tloc/Air       78%        N/A       1%          3
m - Summon Mana Viper     Hex/Summ       5%         N/A       98%         5
o - Ozocubu's Armour      Ice            5%         N/A       38%         3
w - Wereblood             Tmut           26%        N/A       1%          2
z - Manifold Assault      Tloc           36%        N/A       1%          4

Your spell library contained the following spells:

 Spells                   Type           Power      Damage    Failure   Level
 Apportation              Tloc           72%        N/A       1%          1
 Blink                    Tloc           72%        N/A       1%          2
 Lesser Beckoning         Tloc           72%        N/A       1%          2
 Momentum Strike          Conj/Tloc      40%        3d9       1%          2
 Gell's Gravitas          Tloc           36%        N/A       1%          3
 Teleport Other           Tloc           36%        N/A       1%          3
 Passage of Golubria      Tloc           36%        N/A       1%          4
 Sting                    Tmut/Pois      60%        1d6       2%          1
 Portal Projectile        Hex/Tloc       40%        N/A       3%          3
 Volatile Blastmotes      Fire/Tloc      40%        2d13      3%          3
 Shock                    Conj/Air       60%        1d6       6%          1
 Swiftness                Air            23%        N/A       8%          3
 Poisonous Vapours        Pois/Air       30%        N/A       9%          2
 Cigotuvi's Dreadful Rot  Necr/Pois/Air  26%        N/A       12%         2
 Iskenderun's Mystic Bla  Conj/Tloc      20%        2d6       12%         4
 Foxfire                  Conj/Fire      20%        2x1d5     14%         1
 Freeze                   Ice            20%        1d4       14%         1
 Kiss of Death            Conj/Necr      20%        2d7       14%         1
 Magic Dart               Conj           20%        1d4       14%         1
 Necrotise                Necr           20%        1d5       14%         1
 Sandblast                Erth           10%        2d5       14%         1
 Summon Small Mammal      Summ           20%        N/A       14%         1
 Ignite Poison            Fire/Tmut/Pois 12%        N/A       14%         3
 Dispersal                Tloc           18%        N/A       16%         6
 Call Imp                 Summ           10%        N/A       21%         2
 Ensorcelled Hibernation  Hex/Ice        10%        N/A       21%         2
 Scorch                   Fire           10%        2d5       21%         2
 Searing Ray              Conj           10%        2d4       21%         2
 Mephitic Cloud           Conj/Pois/Air  13%        N/A       24%         3
 Petrify                  Tmut/Erth      15%        N/A       26%         4
 Summon Forest            Summ/Tloc      10%        N/A       32%         5
 Call Canine Familiar     Summ           5%         N/A       38%         3
 Dazzling Flash           Conj/Hex       10%        N/A       38%         3
 Frozen Ramparts          Ice            10%        1d2       38%         3
 Hailstorm                Conj/Ice       5%         3d4       38%         3
 Inner Flame              Hex/Fire       5%         N/A       38%         3
 Stone Arrow              Conj/Erth      10%        3d7       38%         3
 Summon Guardian Golem    Hex/Summ       5%         N/A       38%         3
 Tukima's Dance           Hex            5%         N/A       38%         3
 Vampiric Draining        Necr           5%         2d6       38%         3
 Alistair's Intoxication  Tmut/Pois      10%        N/A       58%         5
 Irradiate                Conj/Tmut      7%         3d14      58%         5
 Yara's Violent Unravell  Hex/Tmut       7%         3d5       58%         5
 Anguish                  Hex/Necr       2%         N/A       80%         4
 Cause Fear               Hex            2%         N/A       80%         4
 Flame Wave               Conj/Fire      5%         2d5       80%         4
 Fulminant Prism          Conj/Hex       2%         3d5       80%         4
 Leda's Liquefaction      Hex/Erth       2%         N/A       80%         4
 Olgreb's Toxic Radiance  Pois           5%         N/A       80%         4
 Sticky Flame             Conj/Fire      5%         2d3       80%         4
 Summon Ice Beast         Ice/Summ       5%         N/A       80%         4
 Arcjolt                  Conj/Air       7%         1d17      86%         5
 Silence                  Hex/Air        7%         N/A       86%         5
 Agony                    Necr           5%         N/A       98%         5
 Borgnjor's Vile Clutch   Necr/Erth      2%         N/A       98%         5
 Fireball                 Conj/Fire      2%         3d4       98%         5
 Iskenderun's Battlesphe  Conj           5%         2d6       98%         5
 Lee's Rapid Deconstruct  Erth           2%         3d5*      98%         5
 Metabolic Englaciation   Hex/Ice        2%         N/A       98%         5
 Eringya's Noxious Bog    Tmut/Pois      7%         4d6       99%         6
 Conjure Ball Lightning   Conj/Air       7%         3x3d6     100%        6
 Death Channel            Necr           2%         N/A       100%        6
 Leda's Unmaking          Conj/Erth      2%         9d1       100%        6
 Simulacrum               Ice/Necr       2%         N/A       100%        6
 Summon Cactus Giant      Summ           2%         N/A       100%        6
 Enfeeble                 Hex            2%         N/A       100%        7
 Haunt                    Necr/Summ      2%         N/A       100%        7
 Malign Gateway           Summ/Tloc      10%        N/A       100%        7
 Orb of Destruction       Conj           2%         9d5       100%        7
 Ozocubu's Refrigeration  Ice            2%         4d8       100%        7
 Spellforged Servitor     Conj/Summ      2%         N/A       100%        7
 Summon Hydra             Summ           2%         N/A       100%        7
 Disjunction              Tloc           18%        N/A       100%        8
 Ignition                 Fire           2%         3d3       100%        8
 Infestation              Necr           2%         N/A       100%        8
 Lehudib's Crystal Spear  Conj/Erth      2%         10d2      100%        8
 Maxwell's Capacitive Co  Air            11%        ∞         100%        8
 Chain Lightning          Conj/Air       7%         3d10      100%        9
 Dragon's Call            Summ           2%         N/A       100%        9
 Fire Storm               Conj/Fire      2%         8d1       100%        9
 Polar Vortex             Ice            2%         N/A       100%        9
 Shatter                  Erth           2%         3d6*      100%        9
 Sublimation of Blood     Necr           Unusable   N/A       N/A         2
 Animate Armour           Summ/Erth      Unusable   N/A       N/A         4

Dungeon Overview and Level Annotations

Branches:
Dungeon (15/15)            Temple (1/1) D:6            Lair (5/5) D:9
 Shoals (4/4) Lair:3       Spider (4/4) Lair:3        Slime (5/5) Lair:4
    Orc (2/2) D:9             Elf (3/3) Orc:2        Vaults (5/5) D:13
  Crypt (3/3) Vaults:3       Tomb (3/3) Crypt:3      Depths (4/4) D:15
   Hell (visited)             Dis (7/7) Hell            Geh (7/7) Hell
    Coc (7/7) Hell            Tar (7/7) Hell            Zot (5/5) Depths:4
 Bailey (visited)         Volcano (visited)

Altars:
Ashenzari
Cheibriados
Dithmenos
Elyvilon
Fedhas
Gozag
Hepliaklqana
Kikubaaqudgha
Makhleb
Nemelex Xobeh
Okawaru
Qazlal
Ru
Sif Muna
Trog
Uskayaw
Vehumet
Wu Jian
Xom
Yredelemnul
Zin
The Shining One
Jiyva
Lugonu

Shops:
D:1 !   D:4 ?   D:9 *   Orc:2 [[*:   Elf:1 =   Shoals:3 =   Shoals:4 =

Portals:
Hell: Depths:1 Depths:2 Depths:3 Depths:4
Abyss: Depths:1 Depths:2 Depths:3
Pandemonium: Depths:2 Depths:4
Ziggurat: Depths:1

Annotations:
D:3 1 runed translucent door, Crazy Yiuf
D:13 2 runed translucent doors
Spider:2 3 runed translucent doors, Otiptot's ghost, adept MiBe
Crypt:1 1 runed translucent door, Dugafar's ghost, adept GrFi
Zot:3 2 transporters, Feng's ghost, veteran OgBe; Jeanorph's ghost, legendary MiBe; Vyqe's ghost, master MfIE


Innate Abilities, Weirdness & Mutations

You are a living statue of rough stone.
Your actions are slow, but your melee attacks are powerful.
You are resistant to unholy torment.
Your maximum health is greatly increased.
Your equipment is partially melded.
((You can breathe blasts of fire.))
((Your fiery red scales are hard. (AC +13)))
You cannot fit into any form of body armour.
You are immune to poison.
Your flesh is heat resistant. (rF+)
You are cold-blooded and may be slowed by cold attacks.


Message History

The bennu completely misses you. The bennu claws you but does no damage.
The bennu completely misses you.
The emperor scorpion completely misses you.
The emperor scorpion claws you but does no damage.
The emperor scorpion closely misses you.
The emperor scorpion completely misses you.
The emperor scorpion claws you but does no damage.
The emperor scorpion completely misses you.
The royal mummy completely misses you. The royal mummy casts a spell at you.
Something smites you!
* * * LOW HITPOINT WARNING * * *
The royal mummy calls on the powers of darkness!
The emperor scorpion convulses!
You feel a surge of unholy energy.
The bennu convulses!
The emperor scorpion convulses!
The centaur warrior simulacrum misses you.
The centaur warrior simulacrum completely misses you.
The ancient champion casts a spell at you.
The entropic shot is repelled.
The entropic shot hits the emperor scorpion!
The bennu completely misses you. The bennu misses you.
The bennu completely misses you. The emperor scorpion misses you.
The emperor scorpion completely misses you.
You block the emperor scorpion's attack.
The emperor scorpion completely misses you.
You block the emperor scorpion's attack.
The emperor scorpion completely misses you.
The royal mummy calls on the powers of darkness!
The emperor scorpion convulses!
You feel a surge of unholy energy.
The bennu convulses!
The emperor scorpion convulses!
The royal mummy mumbles some strange words.
The royal mummy casts a spell.
The royal mummy mumbles some strange words.
The centaur warrior simulacrum completely misses you.
The centaur warrior simulacrum barely misses you.
The mummy priest hits you but does no damage.
The ancient champion misses you.
The mummy priest invokes the aid of its god against you.
Something smites you!
You die...

B.§M3.....5.§M.......^..#
.WZZ9....MM.5§b§....s..##
..3...b.^M.MM93W.§M..###
.9..M.........####M###
M.............##..s.###
.M..Z........##..Mz...###
..zWz.MB.z..##...)......#
#.§s49ZWM..##<.szZ.s....##
##ZM§BMMM.##..Bb8Vs....$?#
.##4M4§9M##...$MsM...$$$$#
.##9n§Bs.##..9..MB.s.$$$[#
..#9n....#.B.....s$$$$)))#
..#.4MM^.#B.§$....$$/)|%|#
..M9n4..§M.B.....$$)[)[/#*
..#M99.§§#B......$$[[//##
..#BMM...#.......$"/[|##
.##9B.§B.##.....$$/[/##


You could see 4 royal mummies, 8 emperor scorpions, a bennu, an ancient
champion, 3 mummy priests, a jiangshi (summoned), an ushabti, 6 death scarabs, a
flying skull (summoned) and a centaur warrior simulacrum (summoned).

Vanquished Creatures
  Asmodeus (Geh:7)
  Antaeus (Coc:7)
  Gloorx Vloq (Pan)
  the Royal Jelly (Slime:5)
  A seraph (Pan)
  Lom Lobon (Pan)
  Mnoleg (Pan)
  9 orbs of fire
  8 dread liches
  5 pandemonium lords (Pan)
  8 ancient liches
  Mara (Shoals:3)
  Mennas (Tomb:2)
  A juggernaut (Dis:7)
  The ghost of Zeaxzic Paph the Slayer, a veteran OgBe of Trog (Zot:1)
  30 royal mummies
  The ghost of Yrhuahis the Conqueror, a legendary GrFi of Qazlal (Zot:2)
  The ghost of Sirjeffry24 the Gargoyle Barricade, a legendary GrFi of Qazlal (Zot:2)
  22 shard shrikes
  Josephina (Crypt:3)
  7 Killer Klowns
  6 caustic shrikes
  Xtahua (Depths:3)
  A curse toe (Zot:2)
  11 golden dragons
  Nikola (Depths:2)
  Geryon (Hell)
  19 profane servitors
  2 pearl dragons (Pan)
  2 hellephants
  21 Tzitzimimeh
  10 Brimstone Fiends
  5 bone dragons
  6 doom hounds
  3 electric golems (Zot:4)
  Mlioglotl (Shoals:1)
  27 Ice Fiends
  4 iron giants
  Jorgrun (Elf:2)
  16 tentacled monstrosities
  15 Hell Sentinels
  19 tainted leviathans
  3 deep elf blademasters
  13 liches
  25 Orb Guardians (Zot:5)
  14 acid blobs
  7 quicksilver dragons
  7 sphinxes
  3 krakens
  A walking divine tome (Depths:1)
  2 deep elf master archers (Elf:3)
  10 titans
  12 tentacled starspawn
  7 death cobs
  12 searing wretches
  27 Executioners
  32 ancient champions
  16 shadow dragons
  7 draconian monks
  6 tengu reavers
  Donald (Shoals:4)
  15 storm dragons
  Ilsuiw (Shoals:2)
  17 daevas (Pan)
  6 revenants
  Roxanne (Shoals:1)
  17 narguns
  5 demonspawn warmongers (Pan)
  5 emperor scorpions
  19 vault wardens
  14 rockslimes
  10 iron dragons
  9 azure jellies
  5 deep elf sorcerers
  9 draconian scorchers
  6 quicksilver elementals
  The ghost of javelincjr the Fighter, a journeyman DsMo of Makhleb (Spider:1)
  11 draconian knights
  42 angels
  49 balrugs
  21 fire giants
  17 frost giants
  7 ghost moths
  7 draconian shifters
  5 deep elf elementalists (Elf:3)
  11 broodmothers
  4 curse skulls
  A spectral caustic shrike (Tar:4)
  3 spriggan defenders
  6 draconian stormcallers
  2 orc warlords (Vaults:1)
  14 quicksilver oozes
  3 demonspawn corrupters (Pan)
  5 shard shrike simulacra
  10 ghouls
  15 ironbound preservers
  15 stone giants
  18 war gargoyles
  11 very ugly things
  6 draconian annihilators
  10 demonspawn blood saints (Pan)
  11 vampire knights
  22 cacodemons (Pan)
  11 ironbound thunderhulks
  25 ophanim
  4 demonspawn black suns (Pan)
  8 formless jellyfish
  19 elemental wellsprings
  21 reapers
  6 deep elf demonologists
  20 wendigos
  7 deep elf annihilators
  36 apis (Pan)
  15 black draconians
  15 red draconians
  22 putrid mouths
  11 white draconians
  14 green draconians
  Azrael (D:13)
  4 spectral titans (Tar:2)
  8 lorocyprocas
  14 bennus
  10 yellow draconians
  14 dire elephants
  12 purple draconians
  16 spark wasps
  5 crystal guardians
  18 blizzard demons
  5 entropy weavers
  10 deep elf death magi
  A spectral quicksilver dragon (Tar:6)
  11 merfolk impalers
  4 merfolk javelineers
  17 mummy priests
  8 iron golems
  11 ettins
  Snorg (D:11)
  7 eidola
  An ettin (shapeshifter) (Depths:2)
  7 green deaths
  The ghost of bakla the Grappler, a journeyman TrSh of Cheibriados (D:8)
  2 spectral spriggans
  7 deep elf high priests
  7 hydras
  12 yaktaur captains
  5 fire dragons
  15 great orbs of eyes
  7 jiangshi
  8 rakshasas
  Harold (D:10)
  Fannar (Lair:2)
  3 spriggan air magi
  37 vault guards
  8 juggernaut simulacra
  8 caustic shrike simulacra
  7 salamander tyrants
  3 ogre magi
  12 ice dragons
  A catoblepas (Lair:4)
  16 boulder beetles
  A jorogumo (Spider:2)
  8 hell beasts
  2 peacekeepers
  22 stokers
  10 centaur warriors
  3 merfolk avatars
  Erica (Lair:2)
  10 ironbound frosthearts
  3 merfolk aquamancers
  7 two-headed ogres
  A satyr (Shoals:4)
  33 death scarabs
  47 hell hogs
  5 death knights
  A fenstrider witch skeleton (Pan)
  4 deep troll shamans
  6 orc high priests (Orc:2)
  2 shock serpents (shapeshifter) (Vaults:5)
  9 thrashing horrors
  6 holy swine (Pan)
  54 dancing weapons
  6 vampire magi
  Urug (Lair:5)
  24 demonic crawlers
  7 tengu warriors
  10 deep troll earth magi
  A shock serpent (D:13)
  5 spriggan berserkers
  74 sun demons
  19 hell knights
  8 crystal echidnas
  22 deep elf knights
  3 titan skeletons
  44 soul eaters
  10 skysharks
  The ghost of Newt the Fighter, a novice DsFi of Makhleb (D:6)
  A golden dragon zombie (Crypt:2)
  31 sixfirhies
  9 iron trolls
  A sun moth (Spider:1)
  10 shadow wraiths
  30 skeletal warriors
  A spectral bunyip (Tar:1)
  A wretched star (Abyss:2)
  5 pharaoh ants
  42 deep trolls
  A swamp dragon (shapeshifter) (Depths:2)
  22 cherubim (Pan)
  14 sea snakes
  8 glowing orange brains
  A spectral anaconda (Tar:2)
  7 quicksilver dragon simulacra
  A spectral iron dragon (Tar:1)
  10 flayed ghosts
  7 phantasmal warriors
  3 spriggan simulacra
  16 orb spiders
  8 shadow demons
  17 deep elf archers
  A bunyip skeleton (Tomb:2)
  2 bog bodies (Crypt:2)
  26 deep elf zephyrmancers
  14 ironbound convokers
  8 lindwurms
  17 wizards
  10 steelbarb worms
  15 necromancers
  13 orc knights
  5 harpies (Shoals:1)
  31 deep elf pyromancers
  An iron dragon zombie (Crypt:2)
  23 ugly things
  2 stone giant zombies
  A spectral ice dragon (Tar:1)
  6 shining eyes
  2 orc sorcerers
  7 fauns (Shoals:2)
  A spectral ettin (Tar:1)
  23 wolf spiders
  17 manticores
  2 dire elephant zombies
  25 moths of wrath
  6 cyclopes
  3 worldbinders
  A fire giant skeleton (Depths:1)
  A spectral alligator snapping turtle (Tar:1)
  An iron dragon skeleton (Tomb:2)
  An ice statue (Coc:7)
  An apocalypse crab (Abyss:2)
  4 titan simulacra
  3 naga zombies
  5 eyes of devastation
  5 black mambas
  2 centaur zombies
  A water nymph (shapeshifter) (Depths:2)
  4 water nymphs
  3 human skeletons
  A naga mage (D:15)
  6 elephants (Lair:5)
  14 merfolk sirens
  An elephant (shapeshifter) (Depths:2)
  A torpor snail (Spider:4)
  38 smoke demons
  7 rust devils
  A guardian serpent (Abyss:2)
  A torpor snail (shapeshifter) (Depths:3)
  18 vault sentinels
  11 spectral swamp worms (Tar:7)
  31 orange demons
  23 cane toads
  2 cane toads (shapeshifter)
  A centaur skeleton (Tomb:2)
  3 unseen horrors
  25 hellions
  2 rime drakes
  Psyche (D:11)
  2 gargoyles
  6 freezing wraiths
  11 efreet
  2 komodo dragons (shapeshifter)
  A kobold demonologist (D:11)
  38 guardian mummies
  19 tormentors
  29 yaktaurs
  4 anaconda simulacra
  2 bunyip simulacra (Coc:2)
  4 tengu conjurers
  2 yaktaurs (shapeshifter)
  2 iron giant simulacra
  An alligator snapping turtle skeleton (Pan)
  11 komodo dragons
  A golden dragon simulacrum (Coc:3)
  4 ice devils
  A naga skeleton (Pan)
  8 ancient zymes
  2 silent spectres
  5 red devils
  3 harpy zombies
  A queen bee (shapeshifter) (Abyss:2)
  4 spriggan skeletons
  10 trolls
  6 wind drakes
  8 meliai
  41 merfolk
  An iron troll skeleton (Crypt:2)
  A polar bear (Lair:2)
  18 tarantellas
  8 hornets
  22 hellwings
  27 blink frogs
  A fire dragon zombie (Crypt:1)
  A harpy skeleton (Tomb:2)
  2 tyrant leeches (Lair:5)
  27 raiju
  7 snapping turtles
  2 dream sheep (Shoals:3)
  5 iron dragon simulacra
  4 spriggan zombies
  A spectral swamp dragon (Tar:1)
  An air elemental (Elf:1)
  An ettin zombie (Crypt:3)
  2 hydra skeletons
  27 jumping spiders
  A stone giant simulacrum (Depths:1)
  58 flying skulls
  4 centaur simulacra
  2 ettin skeletons
  A vampire (D:10)
  85 slime creatures
  6 spriggans
  12 shadows
  7 dire elephant simulacra
  12 ushabtiu
  5 wyverns
  A black mamba zombie (Crypt:3)
  24 culicivoras
  34 ynoxinuls
  2 water elementals
  An elf simulacrum (Vaults:1)
  8 fire elementals
  9 wraiths
  A human (shapeshifter) (D:8)
  5 basilisks
  50 yaks
  A tyrant leech zombie (Crypt:1)
  3 golden eyes (Pan)
  A golden eye (shapeshifter) (D:8)
  9 vampire mosquitoes
  18 neqoxecs
  51 redbacks
  22 small abominations
  5 wargs
  42 chaos spawn
  A glowing shapeshifter zombie (Depths:1)
  A swamp worm (shapeshifter) (D:15)
  14 harpy simulacra
  2 acid dragons (D:11)
  A hydra simulacrum (Crypt:3)
  An acid dragon (shapeshifter) (Elf:3)
  6 hell hounds
  66 large abominations
  15 water moccasins
  Duvessa (D:7)
  18 orc warriors
  A meliai simulacrum (D:11)
  3 sky beasts
  A cane toad skeleton (Crypt:1)
  4 floating eyes
  2 black bears
  2 ettin simulacra
  7 ogres
  15 wolves
  9 centaurs
  2 dream sheep skeletons (Crypt:2)
  A phantom (D:5)
  A yaktaur zombie (Crypt:2)
  17 bullfrogs
  2 gnoll sergeants
  3 earth elementals
  3 necrophages
  3 elf zombies (Elf:1)
  3 naga simulacra
  A scorpion (D:4)
  Dowan (D:7)
  7 wights (D:7)
  A wyvern skeleton (Crypt:2)
  14 killer bees
  3 electric eels
  2 howler monkeys (D:6)
  A quasit (Abyss:3)
  36 orc priests
  4 hounds
  4 jellies
  19 starcursed masses
  An iguana (D:6)
  A sleepcap (D:6)
  15 orc wizards
  6 hell rats (Lair:2)
  A tengu zombie (Crypt:1)
  59 mummies
  14 gnolls
  7 adders
  A river rat (Lair:2)
  A shadow imp (D:4)
  A white imp (Abyss:2)
  4 ufetubi
  A worm (D:3)
  3 dart slugs
  94 orcs
  2 ball pythons
  A bat skeleton (Crypt:1)
  5 endoplasms
  3 giant cockroaches
  4 goblins
  6 hobgoblins
  6 jackals
  8 kobolds
  3 quokkas
  4 bats
  2 frilled lizards (D:3)
  A kobold skeleton (Crypt:1)
  An orc zombie (Crypt:1)
  6 rats
  A rat zombie (Crypt:1)
  3 creeping infernos
  5 fire vortices
  A lurking horror (Abyss:3)
  8 starspawn tentacles
  A tentacle (Shoals:1)
4166 creatures vanquished.

Vanquished Creatures (collateral kills)
  Ereshkigal (Tar:7)
  the Serpent of Hell (Tar:7)
  Dispater (Dis:7)
  A Killer Klown (Zot:5)
  2 profane servitors (Tar:7)
  3 Tzitzimimeh (Tar:7)
  2 doom hounds (Tar:7)
  An Ice Fiend (Coc:7)
  3 tainted leviathans (Tar:7)
  An acid blob (Slime:5)
  2 sphinxes (Tomb:1)
  2 rockslimes (Slime:5)
  A daeva (Pan)
  A quicksilver elemental (Dis:7)
  A balrug (Pan)
  An angel (Pan)
  2 cacodemons (Pan)
  An ophan (Pan)
  A reaper (Tar:7)
  A quicksilver ooze (Slime:5)
  4 death scarabs (Tomb:1)
  2 sun demons (Pan)
  3 dancing weapons (Dis:4)
  2 hell knights (Dis:4)
  A sixfirhy (Pan)
  A cherub (Pan)
  An orc knight (Bailey)
  A ynoxinul (Pan)
  A chaos spawn (Pan)
  2 mummies (Tomb:1)
  2 fire vortices (Pan)
49 creatures vanquished.

Vanquished Creatures (others)
  Cerebov (Pan)
  A caustic shrike (Dis:7)
  A Hell Sentinel (Dis:7)
  A searing wretch (Geh:7)
  An eldritch tentacle (Pan)
  A balrug (Geh:7)
  2 fire giants (Geh:7)
  A shard shrike simulacrum (Coc:5)
  A caustic shrike simulacrum (Coc:5)
  2 stokers (Geh:7)
  A merfolk aquamancer (Shoals:4)
  2 deep elf knights (Elf:1)
  A vampire mage (Crypt:1)
  2 quicksilver dragon simulacra (Coc:2)
  3 spriggan simulacra
  A deep elf pyromancer (Elf:3)
  A rust devil (Hell)
  2 titan simulacra (Coc:2)
  An apocalypse crab (Abyss:2)
  A bunyip simulacrum (Coc:2)
  An anaconda simulacrum (Coc:7)
  A shadow dragon simulacrum (Coc:2)
  2 flying skulls (Tomb:2)
  3 humans (Depths:2)
  A vampire (D:11)
  An alligator snapping turtle simulacrum (Coc:2)
  2 dire elephant simulacra
  A fire elemental (Elf:1)
  A neqoxec (Pan)
  4 harpy simulacra
  An ettin simulacrum (Coc:6)
  6 ball lightnings (Pan)
  A creeping inferno (Geh:7)
  18 starspawn tentacles
  13 tentacles
83 creatures vanquished.

Grand Total: 4298 creatures vanquished

Notes
Turn   | Place    | Note
-------+----------+-------------------------------------------
     0 | D:1      | Ofeo the Draconian Hunter began the quest for the Orb.
     0 | D:1      | Reached XP level 1. HP: 17/17 MP: 1/1
    83 | D:1      | Reached skill level 1 in Stealth
   191 | D:1      | Reached XP level 2. HP: 23/25 MP: 2/2
   469 | D:1      | Reached XP level 3. HP: 23/30 MP: 3/3
   851 | D:1      | Found Pauwnire's Distillery.
   857 | D:1      | Bought a potion of curing for 30 gold pieces
  1178 | D:2      | Found a faded altar of an unknown god.
  1538 | D:2      | Prayed at the altar of an unknown god.
  1538 | D:2      | Became a worshipper of Dithmenos the Shadowed
  1538 | D:2      | Reached * piety under Dithmenos
  1944 | D:3      | Reached XP level 4. HP: 16/38 MP: 4/4
  2792 | D:3      | Found a runed translucent door.
  2793 | D:3      | Noticed Crazy Yiuf
  3010 | D:4      | Noticed a scorpion
  3408 | D:4      | Reached XP level 5. HP: 38/45 MP: 5/5
  3726 | D:4      | Found the +5 woodcutter's axe
  4000 | D:4      | Reached XP level 6. HP: 53/53 MP: 6/6
  4002 | D:4      | Reached ** piety under Dithmenos
  4005 | D:4      | Found Yrutsiw's Magic Scroll Boutique.
  4009 | D:4      | Bought 2 scrolls of blinking for 165 gold pieces
  4404 | D:5      | Entered Level 5 of the Dungeon
  4435 | D:5      | Reached skill level 5 in Fighting
  4536 | D:5      | Your scales start taking on a fiery red colour.
  4536 | D:5      | Reached XP level 7. HP: 41/64 MP: 7/7
  4536 | D:5      | Gained mutation: Your flesh is heat resistant. (rF+) [Red
                  | Draconian growth]
  4640 | D:5      | Found a radiant altar of Vehumet.
  5162 | D:6      | Reached XP level 8. HP: 60/78 MP: 8/8
  5313 | D:6      | Found a staircase to the Ecumenical Temple.
  5483 | D:6      | Found a large runed translucent door.
  5484 | D:6      | Found a large runed translucent door.
  5487 | D:6      | Noticed Newt's ghost (novice DsFi)
  5904 | D:7      | Reached skill level 10 in Fighting
  5926 | D:7      | Reached skill level 5 in Ranged Weapons
  6037 | D:7      | Noticed Dowan
  6038 | D:7      | Noticed Duvessa
  6057 | D:7      | Killed Duvessa
  6290 | D:7      | Reached XP level 9. HP: 62/85 MP: 9/9
  6307 | D:7      | Killed Dowan
  6822 | D:8      | Found a stormy altar of Qazlal.
  6836 | D:8      | Reached skill level 1 in Long Blades
  7216 | D:8      | Reached *** piety under Dithmenos
  7376 | D:8      | Reached skill level 5 in Long Blades
  7639 | D:8      | Found a runed translucent gate.
  7639 | D:8      | Found a runed translucent gate.
  7639 | D:8      | Found a runed translucent gate.
  7645 | D:8      | Noticed a red ugly thing
  7645 | D:8      | Noticed a glowing orange brain
  7645 | D:8      | Noticed a cyan ugly thing
  7850 | D:8      | Noticed a red ugly thing
  7880 | D:9      | Found a staircase to the Orcish Mines.
  7908 | D:9      | Noticed a two-headed ogre
  7921 | D:9      | Killed a two-headed ogre
  7922 | D:9      | Reached XP level 10. HP: 43/93 MP: 7/10
  8312 | D:9      | Reached skill level 10 in Long Blades
  8418 | D:9      | Found Nitiraq's Overcharged Wands.
  8444 | D:9      | Found a flagged portal.
  8575 | Bailey   | Entered a bailey
  8875 | Bailey   | Noticed an orc knight
  8898 | Bailey   | Killed an orc knight
  8898 | Bailey   | Reached **** piety under Dithmenos
  9084 | Bailey   | Noticed an orc knight
  9122 | Bailey   | Killed an orc knight
  9218 | Bailey   | Noticed an orc knight
  9277 | Bailey   | Killed an orc knight
  9412 | D:9      | Reached XP level 11. HP: 87/99 MP: 11/11
  9772 | D:9      | Found an opulent altar of Gozag.
  9772 | D:9      | Found a hazy altar of Hepliaklqana.
  9893 | D:9      | Found a staircase to the Lair.
  9938 | D:10     | Entered Level 10 of the Dungeon
 10334 | D:10     | Found a bloodstained altar of Trog.
 10646 | D:10     | Found a glowing silver altar of Zin.
 10679 | D:10     | Found a blossoming altar of Fedhas.
 10839 | D:9      | Reached skill level 1 in Shapeshifting
 11730 | D:10     | Noticed a two-headed ogre
 11742 | D:10     | Killed a two-headed ogre
 11774 | D:10     | Found a glowing golden altar of the Shining One.
 11872 | D:10     | Noticed a two-headed ogre
 11881 | D:10     | Killed a two-headed ogre
 12558 | D:11     | Noticed Psyche
 12568 | D:11     | Killed Psyche
 13117 | D:11     | Noticed a centaur warrior
 13117 | D:11     | Noticed a red ugly thing
 13611 | D:11     | Noticed a boulder beetle
 13654 | D:11     | Killed a boulder beetle
 13931 | D:11     | Reached skill level 5 in Shapeshifting
 14061 | D:11     | Noticed a centaur warrior
 14061 | D:11     | Noticed an orc knight
 14061 | D:11     | Noticed an ogre mage
 14227 | D:11     | Noticed an eight-headed hydra
 14227 | D:11     | Noticed a centaur warrior
 14320 | Lair:1   | Entered Level 1 of the Lair of Beasts
 14461 | Lair:1   | Reached XP level 12. HP: 97/106 MP: 12/12
 14597 | Lair:1   | Noticed a boulder beetle
 14620 | Lair:1   | Killed a boulder beetle
 15284 | Lair:1   | Reached ***** piety under Dithmenos
 15288 | Lair:1   | Noticed a boulder beetle
 15296 | Lair:1   | Killed a boulder beetle
 16445 | Lair:2   | Noticed a boulder beetle
 16474 | Lair:2   | Killed a boulder beetle
 16512 | Lair:2   | Reached skill level 5 in Dodging
 16609 | Lair:2   | Noticed Fannar
 16664 | Lair:2   | Killed Fannar
 17198 | Lair:2   | Noticed Erica
 17231 | Lair:2   | Killed Erica
 18317 | Lair:3   | Found a staircase to the Shoals.
 18350 | Lair:3   | Reached XP level 13. HP: 119/119 MP: 13/13
 18705 | Lair:3   | Found a hole to the Spider Nest.
 19555 | Lair:4   | Got Zobehim's Volume of Infection
 19648 | Lair:4   | Found a staircase to the Slime Pits.
 20591 | Lair:5   | Entered Level 5 of the Lair of Beasts
 20919 | Lair:5   | Reached ****** piety under Dithmenos
 21496 | Lair:5   | Reached skill level 10 in Dodging
 21594 | Lair:5   | Noticed Urug
 21676 | Lair:5   | Reached skill level 15 in Fighting
 21730 | Lair:5   | Reached XP level 14. HP: 113/135 MP: 14/14
 21741 | Lair:5   | Killed Urug
 21760 | Lair:5   | Got the Tome of Topomancy and Refrigeration
 23136 | Orc:1    | Entered Level 1 of the Orcish Mines
 23374 | Orc:2    | Entered Level 2 of the Orcish Mines
 24063 | Orc:2    | Found a dark tunnel.
 24068 | Volcano  | Entered a volcano
 24119 | Volcano  | Identified the +4 dagger of the Firefly {venom, Drain Fly
                  | Dex+3}
 24390 | Orc:2    | Found a staircase to the Elven Halls.
 24677 | Orc:1    | Found a runed translucent door.
 25471 | Orc:2    | Found Hetoweh's Antique Armour Boutique.
 25471 | Orc:2    | Found Myonih's Antique Armour Emporium.
 26114 | Orc:2    | Reached skill level 1 in Invocations
 26180 | Orc:2    | Found Beohorus's General Store.
 26180 | Orc:2    | Found Ryej's Book Emporium.
 26186 | Orc:2    | Bought a scroll of brand weapon for 104 gold pieces
 26186 | Orc:2    | Bought a potion of might for 44 gold pieces
 26186 | Orc:2    | Bought a sack of spiders for 440 gold pieces
 26186 | Orc:2    | Bought a potion of might for 44 gold pieces
 26479 | Orc:2    | Reached XP level 15. HP: 141/141 MP: 19/19
 26664 | D:11     | Identified the ring "Useerghu" {rC+ Int+3}
 26669 | D:11     | Identified the ring of Pitzoica {Will+ rCorr}
 26695 | D:11     | Identified the ring of Noimilid {+Blink rPois rF++ Dex-5
                  | SInv}
 27018 | D:11     | Reached skill level 10 in Invocations
 27344 | D:11     | Noticed Snorg
 27355 | D:11     | Killed Snorg
 27482 | D:11     | Noticed Harold
 27509 | D:10     | Killed Harold
 28066 | D:12     | Reached XP level 16. HP: 149/149 MP: 24/24
 28404 | D:12     | Found a snail-covered altar of Cheibriados.
 28766 | D:13     | Found a gate to the Vaults.
 28900 | D:13     | Reached skill level 1 in Throwing
 28900 | D:13     | Reached skill level 1 in Evocations
 28918 | D:13     | Found a runed translucent door.
 28926 | D:13     | Noticed a storm dragon
 29065 | D:13     | Found a runed translucent door.
 29111 | D:13     | Found a portal to a secret trove of treasure.
 29113 | D:13     | Noticed Azrael
 29236 | D:13     | Killed Azrael
 29643 | D:13     | Found a runed translucent door.
 29649 | D:13     | Found a runed translucent door.
 29649 | D:13     | Found the +5 Storm Queen's Shield {shock, Fly rElec}
 29698 | D:13     | Found the +5 moon troll leather armour {Spirit, Regen++
                  | MP+5}
 30974 | Spider:1 | Entered Level 1 of the Spider Nest
 31843 | Lair:3   | Reached skill level 5 in Evocations
 32345 | Lair:3   | Reached skill level 5 in Throwing
 33525 | Spider:1 | Found a transporter.
 33528 | Spider:1 | Noticed javelincjr's ghost (journeyman DsMo)
 33529 | Spider:1 | Found a transporter.
 33820 | Spider:2 | Found a runed translucent gate.
 33820 | Spider:2 | Found a runed translucent gate.
 33864 | Spider:2 | Found a runed translucent gate.
 33864 | Spider:2 | Noticed Otiptot's ghost (adept MiBe)
 34042 | Spider:2 | Identified a scroll of acquirement
 34043 | Spider:2 | Acquired 993 gold pieces
 34809 | Spider:2 | Reached XP level 17. HP: 133/156 MP: 26/26
 35078 | Spider:2 | Reached skill level 10 in Evocations
 36814 | Spider:4 | Entered Level 4 of the Spider Nest
 37797 | Spider:4 | Reached skill level 5 in Stealth
 39078 | Spider:4 | Reached skill level 1 in Shields
 39361 | Spider:4 | Got a gossamer rune of Zot
 39538 | Shoals:1 | Entered Level 1 of the Shoals
 40129 | D:8      | Found a runed translucent gate.
 40129 | D:8      | Found a runed translucent gate.
 40136 | D:8      | Found a runed translucent gate.
 40151 | D:8      | Noticed bakla's ghost (journeyman TrSh)
 40167 | D:8      | Reached skill level 5 in Shields
 40167 | D:8      | Killed bakla's ghost
 40487 | D:6      | Killed Newt's ghost
 40790 | Shoals:1 | Noticed Roxanne
 40810 | Shoals:1 | Killed Roxanne
 41318 | Shoals:1 | Noticed a kraken
 41336 | Shoals:1 | Killed a kraken
 41705 | Shoals:2 | Noticed Mlioglotl
 41718 | Shoals:1 | Killed Mlioglotl
 41719 | Shoals:1 | Reached XP level 18. HP: 145/166 MP: 27/27
 41775 | Shoals:2 | Noticed Ilsuiw
 41804 | Shoals:2 | Killed Ilsuiw
 42158 | Shoals:2 | Reached skill level 10 in Shields
 43180 | Shoals:3 | Identified the +2 scale mail of the Okapi {Int+3}
 43210 | Shoals:3 | Found Fakuomp's Jewellery Emporium.
 44099 | Shoals:3 | Noticed Mara
 44125 | Shoals:3 | Killed Mara
 44259 | Shoals:4 | Entered Level 4 of the Shoals
 44260 | Shoals:4 | Identified the ring "Ocovirch" {Wiz rElec}
 44334 | Shoals:4 | Noticed Donald
 44350 | Shoals:4 | Killed Donald
 44435 | Shoals:3 | Bought a +4 ring of protection for 684 gold pieces
 44435 | Shoals:3 | Bought the ring "Kaczozy" {Ice rN+ Will+ Str+2} for 874
                  | gold pieces
 44849 | Shoals:4 | Got a barnacled rune of Zot
 45246 | Shoals:4 | Identified the amulet "Umiso" {Spirit rN+ Int+2 Stlth+}
 45276 | Shoals:4 | Found Ojitiecri's Jewellery Shoppe.
 46169 | Vaults:1 | Entered Level 1 of the Vaults
 46749 | Vaults:1 | Reached XP level 19. HP: 118/174 MP: 18/28
 49034 | Vaults:2 | Reached skill level 15 in Shields
 50919 | Vaults:3 | Found a staircase to the Crypt.
 51112 | Vaults:3 | Reached XP level 20. HP: 58/188 MP: 3/29
 51524 | Vaults:3 | Identified the +0 leather armour of the Kappa {Will+}
 52102 | Vaults:4 | Identified the +1 robe of Elyvilon, Forging {-Tele rPois
                  | Int+3 SInv}
 53392 | Shoals:4 | Bought the ring of Sin {rF+ Will+ rCorr Int-5} for 511 gold
                  | pieces
 53564 | Elf:1    | Entered Level 1 of the Elven Halls
 53626 | Elf:1    | Paralysed by an air elemental for 1 turns
 53848 | Elf:1    | Identified the +9 battleaxe "Cooc" {venom, *Slow rC++ rN+
                  | Str+2}
 53893 | Elf:1    | You are sucked into a shaft and drop 1 floor!
 54508 | Elf:1    | Found Mohozoic's Jewellery Emporium.
 54838 | Elf:1    | Got the Volume of Decaying Invitation
 55010 | Elf:1    | Got Kikubaaqudgha's Codex of Nightshade
 55312 | Elf:2    | Found a runed translucent gate.
 55312 | Elf:2    | Found a runed translucent gate.
 55312 | Elf:2    | Found a runed translucent gate.
 55977 | Elf:2    | Reached skill level 15 in Dodging
 55993 | Elf:2    | Noticed Jorgrun
 56001 | Elf:2    | Killed Jorgrun
 56005 | Elf:2    | Reached XP level 21. HP: 47/200 MP: 3/30
 56438 | Elf:3    | Entered Level 3 of the Elven Halls
 57774 | Elf:3    | Got the Directory of the Crushed Xenops
 57783 | Elf:3    | Identified the +7 spear "Figgua" {heavy, Dex+3}
 57804 | Elf:3    | Acquired the +2 pair of boots of Mirth {+Inv rPois Will+}
 58023 | Elf:3    | Identified the +5 ring mail of the Tomato {Str+3}
 58023 | Elf:3    | Identified the ring "Intolaagyl" {rF+ Str+6}
 58025 | Elf:3    | Identified the +2 leather armour "Wiwefea" {*Slow Will++
                  | Dex+3 SInv}
 58025 | Elf:3    | Identified the ring "Koeduiry" {rF+ Int+3 Dex+6}
 58238 | Elf:3    | Identified the +2 kite shield of Gozag's Esteem {Harm rC+}
 58261 | Elf:3    | Identified the +6 chain mail of the Sky {*Slow +Inv rF-
                  | Str+8}
 58267 | Elf:3    | Identified the +3 arbalest of the Blushing Gods {speed,
                  | Will- MP-9 Dex+6}
 58277 | Elf:3    | Got the Vellum of the Glacial Jaunt
 58590 | D:15     | Entered Level 15 of the Dungeon
 58984 | D:15     | Found a staircase to the Depths.
 59480 | D:15     | Identified the +5 quick blade of Insufficient Pleasure
                  | {freeze, rC+ Dex+5}
 59927 | Depths:1 | Entered Level 1 of the Depths
 60111 | Depths:1 | Found a gateway to Hell.
 60280 | Depths:1 | Found a corrupted altar of Lugonu.
 60282 | Depths:1 | Found a one-way gate to the infinite horrors of the Abyss.
 60492 | Depths:1 | Noticed a golden dragon
 60543 | Depths:1 | Noticed a golden dragon
 60579 | Depths:1 | Killed a golden dragon
 60919 | Depths:1 | Got the Opusculum on the Crevasse and Fire
 60970 | Depths:1 | Killed a golden dragon
 61010 | Depths:1 | Found a one-way gateway to a ziggurat.
 61016 | Depths:1 | Paralysed by a floating eye for 2 turns
 61837 | Depths:2 | Noticed Nikola
 61849 | Depths:2 | Killed Nikola
 61909 | Depths:2 | Reached XP level 22. HP: 213/213 MP: 31/31
 61965 | Depths:2 | Identified the +0 pair of boots "Irarghor" {Dex+3}
 62910 | Depths:2 | Found a one-way gate leading to the halls of Pandemonium.
 62923 | Depths:2 | Gained mutation: You are frail. (-10% HP) [a neqoxec]
 63432 | Depths:3 | You are sucked into a shaft and drop 1 floor!
 63432 | Depths:4 | Entered Level 4 of the Depths
 63519 | Depths:4 | Reached skill level 10 in Shapeshifting
 63737 | Depths:4 | Found a gate to the Realm of Zot.
 64051 | Depths:3 | Noticed Xtahua
 64059 | Depths:3 | Killed Xtahua
 64839 | Depths:3 | HP: 9/193 [spriggan air mage/the air (12)]
 66555 | Depths:4 | Reached XP level 23. HP: 195/200 MP: 30/32
 67307 | Shoals:4 | Lost mutation: You are frail. (-10% HP) [potion of
                  | mutation]
 67307 | Shoals:4 | Gained mutation: You have sharp fingernails. [potion of
                  | mutation]
 67307 | Shoals:4 | Gained mutation: Your magical capacity is low. (-10% MP)
                  | [potion of mutation]
 67307 | Shoals:4 | Gained mutation: Your mind is acute. (Int +4, Str/Dex -1)
                  | [potion of mutation]
 67317 | Shoals:4 | Learned a level 2 spell: Wereblood
 67320 | Shoals:4 | Learned a level 2 spell: Passwall
 67324 | Shoals:4 | Learned a level 3 spell: Ozocubu's Armour
 67328 | Shoals:4 | Learned a level 3 spell: Vhi's Electric Charge
 67334 | Shoals:4 | Learned a level 5 spell: Summon Mana Viper
 67339 | Shoals:4 | Learned a level 4 spell: Manifold Assault
 68223 | Vaults:5 | Entered Level 5 of the Vaults
 68239 | Vaults:5 | Reached skill level 1 in Transmutations
 68407 | Vaults:5 | Reached skill level 5 in Transmutations
 68941 | Vaults:5 | Identified the +1 shortbow of Untruth {drain, Contam rPois
                  | Str+8}
 68948 | Vaults:5 | Identified the +7 morningstar of Raceowno {heavy, rF+ MP+9}
 68990 | Vaults:5 | Identified the ring of Toas {rElec rPois rC+}
 69922 | Vaults:5 | Upgraded the game from 0.31-a0-523-g071a6c1ffa to
                  | 0.31-a0-532-g28f74ba3e5
 69937 | Vaults:5 | Got a silver rune of Zot
 69996 | Vaults:5 | Reached skill level 1 in Translocations
 70043 | Vaults:5 | Got Juass's Treatise on Battle Magic
 70678 | Slime:1  | Entered Level 1 of the Pits of Slime
 71299 | Slime:1  | Gained mutation: Your body sometimes deteriorates upon
                  | taking damage. [a shining eye]
 71300 | Slime:1  | Gained mutation: You are occasionally teleported next to
                  | monsters. [a shining eye]
 71313 | Slime:1  | Gained mutation: You have hidden genetic defects. [a
                  | shining eye]
 71319 | Slime:1  | Lost mutation: You are occasionally teleported next to
                  | monsters. [potion of mutation]
 71319 | Slime:1  | Lost mutation: You have hidden genetic defects. [potion of
                  | mutation]
 71319 | Slime:1  | Lost mutation: You have sharp fingernails. [potion of
                  | mutation]
 71319 | Slime:1  | Gained mutation: You have very sharp teeth. [potion of
                  | mutation]
 71319 | Slime:1  | Gained mutation: You have sharp toenails. [potion of
                  | mutation]
 71420 | Slime:5  | Entered Level 5 of the Pits of Slime
 71456 | Slime:5  | Reached XP level 24. HP: 193/231 MP: 24/28
 71611 | Slime:5  | Gained mutation: You are weak. (Str -2) [a shining eye]
 71710 | Slime:5  | Noticed the Royal Jelly
 72324 | Slime:5  | Found a viscous altar of Jiyva.
 72661 | Slime:5  | Reached skill level 5 in Translocations
 72661 | Slime:5  | Reached skill level 15 in Shapeshifting
 72826 | Slime:5  | Killed the Royal Jelly
 73495 | Crypt:1  | Entered Level 1 of the Crypt
 76412 | Slime:5  | Got a slimy rune of Zot
 76420 | Slime:5  | Identified the +7 mace of Malum In Se {freeze, SInv}
 76428 | Slime:5  | Identified the ring "Itesis" {rF+ Will+}
 76507 | Slime:5  | Identified the +2 ring mail of Pan-Flutes {Int+3}
 76591 | Slime:5  | Got the Catalogue of the Noxious Volcano
 76596 | Slime:5  | Identified the +0 plate armour "Ysephin" {rPois Will- MP+9}
 76637 | Slime:5  | Identified the +0 pair of boots of Intuition {Contam
                  | Rampage Int+4 SInv}
 76672 | Slime:5  | Identified the +6 battleaxe of the Dozen Stories {holy,
                  | Str+2}
 78673 | D:10     | Fell from the grace of Dithmenos
 78673 | D:10     | Became a worshipper of the Shining One
 79304 | Crypt:1  | Reached * piety under the Shining One
 79503 | Crypt:1  | Found an ancient bone altar of Kikubaaqudgha.
 79594 | Crypt:1  | Found a runed translucent door.
 79594 | Crypt:1  | Noticed Dugafar's ghost (adept GrFi)
 80373 | Crypt:3  | Entered Level 3 of the Crypt
 80379 | Crypt:3  | Reached ** piety under the Shining One
 80491 | Crypt:3  | Reached *** piety under the Shining One
 80824 | Crypt:3  | Identified the ring "Luirruxt" {Ice *Corrode +Blink Will++
                  | Str+2}
 80824 | Crypt:3  | Noticed Josephina
 80831 | Crypt:3  | Reached **** piety under the Shining One
 80840 | Crypt:3  | Killed Josephina
 81076 | Crypt:3  | Found a staircase to the Tomb.
 81508 | Crypt:3  | Reached ***** piety under the Shining One
 81628 | Crypt:3  | Reached skill level 10 in Translocations
 81684 | Crypt:3  | Found a basalt altar of Yredelemnul.
 81684 | Crypt:3  | Noticed a dread lich
 81692 | Crypt:3  | Killed a dread lich
 81693 | Crypt:3  | Reached XP level 25. HP: 238/238 MP: 28/28
 81834 | Abyss:2  | Cast into level 2 of the Abyss (hell knight)
 82058 | Crypt:3  | Escaped the Abyss
 82336 | Crypt:3  | Reached ****** piety under the Shining One
 82339 | Crypt:3  | Identified a +9 eudemon blade of holy wrath (a +9 demon
                  | blade of venom blessed by the Shining One)
 82339 | Crypt:3  | Received a gift from the Shining One
 83052 | Temple   | Entered the Ecumenical Temple
 83181 | D:13     | You paid a toll of 18 scrolls of teleportation to enter a
                  | treasure trove
 83182 | Trove    | Entered a treasure trove
 83185 | Trove    | Found the amulet of the Air {Inacc Air Fly rElec RMsl}
 83192 | Trove    | Identified the ring "Haipet" {Fly SInv}
 83195 | Trove    | Identified the ring of the Moon {rElec rF+ rN++}
 83197 | Trove    | Identified the amulet "Fidikkowk" {RegenMP rElec rF+}
 83204 | Trove    | Identified the ring "Yblua" {rF+ Dex+6 Slay-4}
 83210 | Trove    | Identified the ring "Baceniaskait" {Wiz Int+4}
 83221 | Trove    | Identified the ring "Ecido Witad" {rPois Dex+6}
 83628 | Zot:1    | Entered Level 1 of the Realm of Zot
 84199 | Depths:1 | Voluntarily entered the Abyss.
 84202 | Abyss:2  | Found a corrupted altar of Lugonu.
 84233 | Abyss:2  | Reached skill level 1 in Spellcasting
 84280 | Abyss:2  | Found a corrupted altar of Lugonu.
 85046 | Depths:1 | Escaped the Abyss
 85291 | Depths:1 | Voluntarily entered the Abyss.
 85291 | Abyss:3  | Found a corrupted altar of Lugonu.
 85665 | Abyss:3  | Reached skill level 1 in Air Magic
 85728 | Abyss:3  | Reached skill level 5 in Spellcasting
 85755 | Abyss:3  | Got an abyssal rune of Zot
 86119 | Abyss:4  | Found a corrupted altar of Lugonu.
 86141 | Abyss:4  | Gained mutation: You are occasionally teleported next to
                  | monsters. [a neqoxec]
 86170 | Abyss:4  | Found a corrupted altar of Lugonu.
 86189 | Depths:1 | Escaped the Abyss
 86196 | Depths:1 | Lost mutation: You have sharp toenails. [potion of
                  | mutation]
 86196 | Depths:1 | Lost mutation: Your body sometimes deteriorates upon taking
                  | damage. [potion of mutation]
 86196 | Depths:1 | Lost mutation: You have very sharp teeth. [potion of
                  | mutation]
 86196 | Depths:1 | Gained mutation: You passively map a small area around you.
                  | [potion of mutation]
 86196 | Depths:1 | Gained mutation: You have large cloven feet. [potion of
                  | mutation]
 86197 | Depths:1 | Lost mutation: You have large cloven feet. [potion of
                  | mutation]
 86197 | Depths:1 | Lost mutation: You are weak. (Str -2) [potion of mutation]
 86197 | Depths:1 | Gained mutation: You have large cloven feet. [potion of
                  | mutation]
 86197 | Depths:1 | Lost mutation: You are occasionally teleported next to
                  | monsters. [potion of mutation]
 86197 | Depths:1 | Gained mutation: You have supernaturally acute eyesight.
                  | (SInv) [potion of mutation]
 87179 | Zot:1    | Found a runed translucent gate.
 87179 | Zot:1    | Found a runed translucent gate.
 87179 | Zot:1    | Found a runed translucent gate.
 87180 | Zot:1    | Noticed Zeaxzic Paph's ghost (veteran OgBe)
 87651 | Spider:1 | Killed javelincjr's ghost
 87681 | Spider:1 | Identified the +5 trident of Roasef {freeze, rElec rC+
                  | Will+}
 88282 | Zot:1    | Was forgiven by Dithmenos
 88306 | Zot:1    | Reached XP level 26. HP: 246/246 MP: 31/31
 88353 | Zot:1    | Reached XP level 27. HP: 254/254 MP: 31/31
 88403 | Zot:1    | Killed Zeaxzic Paph's ghost
 88410 | Zot:1    | Paralysed by a floating eye for 3 turns
 88437 | Zot:1    | Reached skill level 15 in Invocations
 88474 | Zot:1    | Identified the +3 hat "Xylum" {rF++}
 89503 | Zot:2    | Found a runed translucent gate.
 89503 | Zot:2    | Found a runed translucent gate.
 89503 | Zot:2    | Found a runed translucent gate.
 89503 | Zot:2    | Noticed an ancient lich
 89507 | Zot:2    | Found an ancient bone altar of Kikubaaqudgha.
 89507 | Zot:2    | Noticed Sirjeffry24's ghost (legendary GrFi)
 89507 | Zot:2    | Noticed Yrhuahis's ghost (legendary GrFi)
 89507 | Zot:2    | Noticed a dread lich
 89507 | Zot:2    | Noticed a dread lich
 89550 | Zot:2    | Noticed an orb of fire
 89559 | Zot:2    | Gained mutation: You occasionally lose the ability to read
                  | scrolls when taking damage. [an orb of fire]
 89563 | Zot:2    | Gained mutation: You are frail. (-10% HP) [an orb of fire]
 89564 | Zot:2    | Killed an orb of fire
 90687 | Zot:2    | Killed a dread lich
 90695 | Zot:2    | Killed a dread lich
 90698 | Zot:2    | Killed an ancient lich
 90733 | Zot:2    | Killed Sirjeffry24's ghost
 90747 | Zot:2    | Killed Yrhuahis's ghost
 90764 | Zot:2    | Identified the +0 cloak of Xapuvyb {rF+ Int+5}
 90769 | Zot:2    | Identified the ring of the Republic {rPois rC+ AC+4 Dex+3
                  | Stlth+}
 91245 | Zot:3    | Noticed Feng's ghost (veteran OgBe)
 91247 | Zot:3    | Noticed an ancient lich
 91248 | Zot:3    | Noticed Jeanorph's ghost (legendary MiBe)
 91255 | Zot:3    | Noticed Vyqe's ghost (master MfIE)
 91310 | Zot:3    | Found a transporter.
 91316 | Zot:3    | Found a transporter.
 91438 | Zot:3    | Identified the +0 chain mail "Qewued Perui" {Harm Int+4
                  | Slay-6}
 93941 | Zot:5    | Entered Level 5 of the Realm of Zot
 93950 | Zot:5    | Found a shadowy altar of Dithmenos.
 94019 | Zot:5    | Found an iron altar of Okawaru.
 94641 | Zot:5    | Noticed a dread lich
 94649 | Zot:5    | Killed a dread lich
 94735 | Zot:5    | Noticed an orb of fire
 94737 | Zot:5    | Noticed an orb of fire
 94738 | Zot:5    | Noticed an orb of fire
 94748 | Zot:5    | Noticed an orb of fire
 94760 | Zot:5    | Killed an orb of fire
 94765 | Zot:5    | Lost mutation: You occasionally lose the ability to read
                  | scrolls when taking damage. [mutagenic glow]
 94776 | Zot:5    | Killed an orb of fire
 94782 | Zot:5    | Gained mutation: Your body sometimes deteriorates upon
                  | taking damage. [an orb of fire]
 94786 | Zot:5    | Noticed an orb of fire
 94787 | Zot:5    | Noticed an orb of fire
 94793 | Zot:5    | Noticed an orb of fire
 94797 | Zot:5    | Killed an orb of fire
 94797 | Zot:5    | Noticed an orb of fire
 94798 | Zot:5    | Lost mutation: Your mind is acute. (Int +4, Str/Dex -1) [an
                  | orb of fire]
 94801 | Zot:5    | Gained mutation: You sometimes lose your temper in combat.
                  | [an orb of fire]
 94803 | Zot:5    | Killed an orb of fire
 94804 | Zot:5    | Gained mutation: You are clumsy. (Dex -2) [mutagenic glow]
 94811 | Zot:5    | Killed an orb of fire
 94825 | Zot:5    | Lost mutation: You are clumsy. (Dex -2) [an orb of fire]
 94828 | Zot:5    | Noticed an ancient lich
 94832 | Zot:5    | Killed an ancient lich
 94836 | Zot:5    | Gained mutation: Your spells are a little easier to cast,
                  | but a little less powerful. [mutagenic glow]
 94840 | Zot:5    | Killed an orb of fire
 94841 | Zot:5    | Reached skill level 15 in Evocations
 94852 | Zot:5    | Killed an orb of fire
 94865 | Zot:5    | Lost mutation: Your spells are a little easier to cast, but
                  | a little less powerful. [mutagenic glow]
 94866 | Zot:5    | Gained mutation: You occasionally lose the ability to drink
                  | potions when taking damage. [an orb of fire]
 94871 | Zot:5    | Killed an orb of fire
 94887 | Zot:5    | Gained mutation: You are dopey. (Int -2) [mutagenic glow]
 94953 | Zot:5    | Gained mutation: Your spells are a little easier to cast,
                  | but a little less powerful. [mutagenic glow]
 95487 | Zot:4    | Lost mutation: You passively map a small area around you.
                  | [potion of mutation]
 95487 | Zot:4    | Lost mutation: You have large cloven feet. [potion of
                  | mutation]
 95487 | Zot:4    | Lost mutation: You are frail. (-10% HP) [potion of
                  | mutation]
 95487 | Zot:4    | Lost mutation: Your magical capacity is low. (-10% MP)
                  | [potion of mutation]
 95487 | Zot:4    | Gained mutation: You passively map a small area around you.
                  | [potion of mutation]
 95488 | Zot:4    | Lost mutation: You occasionally lose the ability to drink
                  | potions when taking damage. [potion of mutation]
 95488 | Zot:4    | Lost mutation: You passively map a small area around you.
                  | [potion of mutation]
 95488 | Zot:4    | Lost mutation: You are dopey. (Int -2) [potion of mutation]
 95488 | Zot:4    | Gained mutation: You have a pair of small horns on your
                  | head. [potion of mutation]
 95488 | Zot:4    | Lost mutation: Your spells are a little easier to cast, but
                  | a little less powerful. [potion of mutation]
 95489 | Zot:4    | Lost mutation: You sometimes lose your temper in combat.
                  | [potion of mutation]
 95489 | Zot:4    | Lost mutation: You have supernaturally acute eyesight.
                  | (SInv) [potion of mutation]
 95489 | Zot:4    | Lost mutation: You have a pair of small horns on your head.
                  | [potion of mutation]
 95489 | Zot:4    | Gained mutation: Your body often deteriorates upon taking
                  | damage. [potion of mutation]
 95489 | Zot:4    | Gained mutation: You have large cloven feet. [potion of
                  | mutation]
 95489 | Zot:4    | Gained mutation: You expend magic power (3 MP) to
                  | strengthen your wands. [potion of mutation]
 95660 | Pan      | Entered Pandemonium
 96390 | Pan      | Found an exit through the horrors of the Abyss.
 96843 | Pan      | Identified the +3 leather armour "Batsieraff" {Harm Stlth+}
 96855 | Pan      | Noticed Ciamy the pandemonium lord
 96872 | Pan      | Killed Ciamy the pandemonium lord
 96876 | Pan      | Reached skill level 15 in Long Blades
 97979 | Pan      | Noticed Nenlim the pandemonium lord
 97992 | Pan      | Killed Nenlim the pandemonium lord
 99031 | Pan      | Noticed Judu Ehu the pandemonium lord
 99051 | Pan      | Killed Judu Ehu the pandemonium lord
101255 | Pan      | Noticed Nere the pandemonium lord
101294 | Pan      | Killed Nere the pandemonium lord
102659 | Pan      | Noticed Onazedu the pandemonium lord
102667 | Pan      | Killed Onazedu the pandemonium lord
102827 | Pan      | Found an exit through the horrors of the Abyss.
104506 | Pan      | Found a white marble altar of Elyvilon.
106185 | Pan      | HP: 4/256 [daeva/+2 scimitar of holy wrath (31)]
106199 | Pan      | HP: 12/256 [daeva/divine providence (9)]
106634 | Pan      | Found a glowing silver altar of Zin.
107230 | Pan      | Identified the +7 battleaxe of Indignation {holy, Dex+6}
107578 | Pan      | Noticed a seraph
107603 | Pan      | Killed a seraph
107653 | Pan      | Found a glowing golden altar of the Shining One.
107691 | Pan      | Got a demonic rune of Zot
107943 | Pan      | Entered the realm of Cerebov.
108678 | Pan      | Found the +6 sword of Cerebov {flame}
108678 | Pan      | Noticed Cerebov
108795 | Pan      | Identified the ring "Qovyf" {Ice rCorr Dex+3}
108852 | Pan      | Identified the +8 rapier of the Howling Visionary {heavy,
                  | *Corrode rElec Int+2 Dex+3}
109125 | Pan      | Identified the +11 rapier of Conflict {pain, rF+}
109165 | Pan      | Identified the staff "Ydomyrumo" {rPois rN+ Dex+3 Necro}
109168 | Pan      | Identified the +4 chain mail of Sish {rC+ rCorr Str+5}
109170 | Pan      | Identified the staff "Cuodumut" {rElec rPois rC+ Str-4
                  | Int+2 Air}
109520 | Pan      | Killed Cerebov
109543 | Pan      | Got a fiery rune of Zot
109660 | Pan      | Entered the realm of Gloorx Vloq.
109965 | Pan      | Noticed Gloorx Vloq
110322 | Pan      | Killed Gloorx Vloq
110450 | Pan      | Got a dark rune of Zot
110744 | Pan      | Found an exit through the horrors of the Abyss.
110878 | Pan      | Identified the +11 long sword "Goblinbane" {vamp, rN++
                  | Dex+3}
111443 | Pan      | Noticed Imasm the pandemonium lord
111443 | Pan      | Gained mutation: Your magical capacity is low. (-10% MP) [a
                  | neqoxec]
111446 | Pan      | Entered the realm of Lom Lobon.
111474 | Pan      | Noticed Lom Lobon
111493 | Pan      | Killed Lom Lobon
111503 | Pan      | Got a magical rune of Zot
111955 | Pan      | Found an exit through the horrors of the Abyss.
112396 | Pan      | Entered the realm of Mnoleg.
112539 | Pan      | Gained mutation: You have hidden genetic defects. [a
                  | cacodemon]
112718 | Pan      | Lost mutation: Your magical capacity is low. (-10% MP)
                  | [potion of mutation]
112718 | Pan      | Lost mutation: You have large cloven feet. [potion of
                  | mutation]
112718 | Pan      | Lost mutation: You expend magic power (3 MP) to strengthen
                  | your wands. [potion of mutation]
112719 | Pan      | Lost mutation: You have hidden genetic defects. [potion of
                  | mutation]
112719 | Pan      | Lost mutation: Your body often deteriorates upon taking
                  | damage. [potion of mutation]
112719 | Pan      | Lost mutation: Your body sometimes deteriorates upon taking
                  | damage. [potion of mutation]
112719 | Pan      | Gained mutation: Your large and strong wings let you fly.
                  | [potion of mutation]
112719 | Pan      | Gained mutation: You are covered in fur. (AC +1) [potion of
                  | mutation]
112719 | Pan      | Gained mutation: You are weak. (Str -2) [potion of
                  | mutation]
112784 | Pan      | Gained mutation: You are very weak. (Str -4) [a cacodemon]
112933 | Pan      | Gained mutation: Your magical capacity is low. (-10% MP) [a
                  | cacodemon]
112935 | Pan      | Gained mutation: You occasionally lose the ability to drink
                  | potions when taking damage. [a cacodemon]
112957 | Pan      | Noticed Mnoleg
112981 | Pan      | Killed Mnoleg
113017 | Pan      | Got a glowing rune of Zot
113141 | Pan      | Gained mutation: You sometimes lose the ability to drink
                  | potions when taking damage. [a cacodemon]
113349 | Pan      | Found an exit through the horrors of the Abyss.
113353 | Pan      | Gained mutation: You occasionally lose the ability to read
                  | scrolls when taking damage. [a neqoxec]
113379 | Pan      | Took an exit into the Abyss.
113379 | Abyss:4  | Escaped into the Abyss
113379 | Abyss:4  | Found a corrupted altar of Lugonu.
113389 | Depths:4 | Escaped the Abyss
113391 | Depths:4 | Lost mutation: You sometimes lose the ability to drink
                  | potions when taking damage. [potion of mutation]
113391 | Depths:4 | Lost mutation: You are covered in fur. (AC +1) [potion of
                  | mutation]
113391 | Depths:4 | Lost mutation: You occasionally lose the ability to read
                  | scrolls when taking damage. [potion of mutation]
113391 | Depths:4 | Lost mutation: You are very weak. (Str -4) [potion of
                  | mutation]
113392 | Depths:4 | Lost mutation: You are weak. (Str -2) [potion of mutation]
113392 | Depths:4 | Lost mutation: Your large and strong wings let you fly.
                  | [potion of mutation]
113392 | Depths:4 | Lost mutation: Your magical capacity is low. (-10% MP)
                  | [potion of mutation]
113392 | Depths:4 | Lost mutation: You occasionally lose the ability to drink
                  | potions when taking damage. [potion of mutation]
114013 | Hell     | Entered the Vestibule of Hell
114013 | Hell     | Noticed Geryon
114033 | Hell     | Killed Geryon
114132 | Hell     | Found a gateway to the freezing wastes of Cocytus.
114282 | Hell     | Found a gateway to the decaying netherworld of Tartarus.
114582 | Hell     | Found a gateway to the Iron City of Dis.
114702 | Hell     | Found a gateway to the ashen valley of Gehenna.
114740 | Dis:1    | Entered Level 1 of the Iron City of Dis
116190 | Tar:1    | Entered Level 1 of Tartarus
116572 | Tar:2    | You are sucked into a shaft and drop 2 floors!
117672 | Tar:6    | Noticed an ancient lich
117672 | Tar:6    | Noticed an ancient lich
117672 | Tar:6    | Noticed an ancient lich
117672 | Tar:6    | Noticed a dread lich
117672 | Tar:6    | Noticed a dread lich
117672 | Tar:6    | Noticed a dread lich
117682 | Tar:6    | Killed an ancient lich
117688 | Tar:6    | Killed an ancient lich
117692 | Tar:6    | Noticed an ancient lich
117693 | Tar:6    | Killed a dread lich
117693 | Tar:6    | Noticed an ancient lich
117696 | Tar:6    | Killed an ancient lich
117697 | Tar:6    | Noticed an ancient lich
117701 | Tar:6    | Killed an ancient lich
117706 | Tar:6    | Killed an ancient lich
117712 | Tar:6    | Killed a dread lich
117714 | Tar:6    | Killed a dread lich
117720 | Tar:6    | Killed an ancient lich
117737 | Tar:7    | Entered Level 7 of Tartarus
118734 | Tar:7    | Reached skill level 10 in Ranged Weapons
118736 | Tar:7    | HP: 7/268 [poison (dark miasma)]
118737 | Tar:7    | HP: 3/268 [poison (dark miasma)]
119421 | Tar:7    | Identified the +8 orcbow "Jil Jalo" {flame, Dex+2}
119423 | Tar:7    | Got the Elucidation of Chilly Nephomancy
119759 | Tar:7    | Noticed Ereshkigal
119777 | Tar:7    | Noticed the Serpent of Hell
119782 | Tar:7    | Killed the Serpent of Hell
119851 | Tar:7    | Killed Ereshkigal
119875 | Tar:7    | Got a bone rune of Zot
119883 | Tar:7    | Identified the +4 hand axe of Ongaf {speed, rElec rF++
                  | rCorr SInv}
120370 | Tar:7    | Identified the +3 chain mail of Hepliaklqana, Hurtling
                  | {+Inv rF+ Slay+6 Stlth-}
120520 | Coc:1    | Entered Level 1 of Cocytus
121761 | Coc:4    | Reached skill level 27 in Shields
121788 | Coc:4    | Paralysed by a wendigo for 1 turns
121934 | Coc:5    | Paralysed by a wendigo for 1 turns
122189 | Coc:6    | Paralysed by a wendigo for 1 turns
122312 | Coc:7    | Entered Level 7 of Cocytus
122392 | Coc:7    | Reached skill level 27 in Fighting
123223 | Coc:7    | Noticed Antaeus
123243 | Coc:7    | Killed Antaeus
124112 | Coc:7    | Identified the +11 halberd of Revolt {holy, rPois rF++
                  | Str-3 Dex+9}
124114 | Coc:7    | Got an icy rune of Zot
124185 | Coc:7    | Noticed a dread lich
124195 | Coc:7    | Killed a dread lich
124500 | Coc:7    | Identified the amulet "Saiddedat" {Acrobat rPois}
124505 | Coc:7    | Identified the ring "Suitidas" {rF++ rC+}
124658 | Geh:1    | Entered Level 1 of Gehenna
124784 | Geh:1    | Reached skill level 15 in Ranged Weapons
125156 | Geh:6    | Noticed a dread lich
125164 | Geh:7    | Entered Level 7 of Gehenna
126233 | Geh:7    | Got the Quarto of Shapeshifting
126238 | Geh:7    | Identified the +11 hand axe "Veropta" {heavy, Will+ rCorr}
126239 | Geh:7    | Identified the ring "Unootiy" {rC+ Dex+4}
126814 | Geh:7    | Identified the +0 chain mail of Unambiguity {Dex+3}
126920 | Geh:7    | Found the +13 sceptre of Asmodeus
126920 | Geh:7    | Noticed Asmodeus
126962 | Geh:7    | Killed Asmodeus
127033 | Geh:7    | Got an obsidian rune of Zot
128197 | Dis:4    | You are sucked into a shaft and drop 2 floors!
128221 | Dis:7    | Entered Level 7 of the Iron City of Dis
128651 | Dis:7    | Noticed a juggernaut
128666 | Dis:7    | Killed a juggernaut
128684 | Dis:7    | Identified the +9 war axe of Laufos {freeze, rElec Will+}
128684 | Dis:7    | Noticed Dispater
128703 | Dis:7    | Killed Dispater
128737 | Dis:7    | Got an iron rune of Zot
129695 | Tomb:1   | Entered Level 1 of the Tomb of the Ancients
131322 | Tomb:1   | Noticed a royal mummy
131334 | Tomb:1   | Killed a royal mummy
131335 | Tomb:1   | Reached skill level 27 in Dodging
131751 | Tomb:2   | Noticed a royal mummy
131751 | Tomb:2   | Noticed Mennas
131767 | Tomb:2   | Killed Mennas
131814 | Tomb:2   | Noticed a royal mummy
131820 | Tomb:2   | Noticed a royal mummy
131825 | Tomb:2   | Killed a royal mummy
131836 | Tomb:1   | Noticed a royal mummy
131841 | Tomb:1   | Noticed a royal mummy
131842 | Tomb:1   | Noticed a royal mummy
131844 | Tomb:1   | Noticed a royal mummy
131846 | Tomb:1   | Noticed a royal mummy
131848 | Tomb:1   | Killed a royal mummy
131848 | Tomb:1   | Noticed a royal mummy
131849 | Tomb:1   | Noticed a royal mummy
131850 | Tomb:1   | Noticed a royal mummy
131851 | Tomb:1   | Killed a royal mummy
131856 | Tomb:1   | Killed a royal mummy
131860 | Tomb:1   | Noticed a royal mummy
131860 | Tomb:1   | Noticed a royal mummy
131860 | Tomb:1   | Noticed a royal mummy
132152 | Tomb:2   | Noticed a royal mummy
132155 | Tomb:2   | Killed a royal mummy
132163 | Tomb:2   | Killed a royal mummy
132177 | Tomb:2   | Killed a royal mummy
132487 | Tomb:1   | Noticed a royal mummy
132493 | Tomb:1   | Killed a royal mummy
132499 | Tomb:1   | Killed a royal mummy
132505 | Tomb:1   | Killed a royal mummy
132509 | Tomb:1   | Killed a royal mummy
132511 | Tomb:1   | Noticed a royal mummy
132513 | Tomb:1   | Killed a royal mummy
132517 | Tomb:1   | Killed a royal mummy
132522 | Tomb:1   | Killed a royal mummy
132524 | Tomb:1   | Noticed a royal mummy
132527 | Tomb:1   | Killed a royal mummy
132604 | Tomb:1   | Killed a royal mummy
132722 | Tomb:1   | Noticed a royal mummy
132728 | Tomb:1   | Killed a royal mummy
132873 | Tomb:1   | Noticed a royal mummy
132877 | Tomb:1   | Noticed a royal mummy
132884 | Tomb:1   | Killed a royal mummy
132889 | Tomb:1   | Killed a royal mummy
132906 | Tomb:1   | Noticed a royal mummy
132918 | Tomb:1   | Killed a royal mummy
132964 | Tomb:1   | Noticed a royal mummy
132970 | Tomb:1   | Killed a royal mummy
132997 | Tomb:1   | Killed a royal mummy
133256 | Tomb:1   | Noticed a royal mummy
133258 | Tomb:1   | Noticed a royal mummy
133263 | Tomb:1   | Killed a royal mummy
133271 | Tomb:1   | Killed a royal mummy
133360 | Tomb:1   | Killed a royal mummy
133361 | Tomb:1   | Noticed a royal mummy
133364 | Tomb:1   | Killed a royal mummy
133759 | Tomb:3   | Entered Level 3 of the Tomb of the Ancients
133769 | Tomb:3   | Noticed a royal mummy
133770 | Tomb:3   | Noticed a royal mummy
133771 | Tomb:3   | Noticed a royal mummy
133775 | Tomb:3   | Killed a royal mummy
133775 | Tomb:3   | Noticed a royal mummy
133777 | Tomb:3   | Noticed a royal mummy
133780 | Tomb:3   | HP: 15/354 [royal mummy/divine providence (12)]
133780 | Tomb:3   | Noticed a royal mummy
133782 | Tomb:3   | Noticed a royal mummy
133784 | Tomb:3   | Noticed a royal mummy
134268 | Tomb:3   | Noticed a royal mummy
134283 | Tomb:3   | Found the +5 demon whip "Spellbinder" {antimagic, disrupt,
                  | Will+}
134293 | Tomb:3   | Killed a royal mummy
134301 | Tomb:3   | Killed a royal mummy
134301 | Tomb:3   | HP: 17/354 [??? (3)]
134301 | Tomb:3   | HP: 8/354 [royal mummy/divine providence (9)]
134301 | Tomb:3   | HP: 1/354 [jiangshi[a mummy priest] (7)]
134302 | Tomb:3   | Killed from afar by a mummy priest

Illustrated notes

Levels and vault maps discovered:
D:1:      lightli_arrival_lavapool, layout_loops_ring, serial_shops,
          nicolae_shop_industrial_runoff, serial_bayou_pond_d,
          minmay_misc_feat_five
D:2:      layout_rooms, dreamdust_ecumenical_altar_grove
D:3:      layout_basic, uniq_crazy_yiuf_cottage
D:4:      layout_basic, serial_shops, shop, minmay_hedge_maze
D:5:      layout_basic, fiery_altar_vehumet
D:6:      layout_rooms, minmay_temple_entry_statues_pillars,
          ebering_ghost_disaster_area, serial_aquarium,
          aquarium_bridge_island_small [aquarium_subvault_small_open,
          aquarium_subvault_wall, aquarium_subvault_bridge,
          aquarium_subvault_window, aquarium_subvault_window],
          aquarium_window_corner, aquarium_window_fake, aquarium_window_3,
          aquarium_window_2, aquarium_view_2d, aquarium_balcony_3a
D:7:      layout_basic, minmay_misc_feat_tower, uniq_duvessa
D:8:      layout_loops_ring, nicolae_qazlal_beasts_of_the_sky,
          ploomutoo_gammafunk_ghost_potion_laboratory
D:9:      layout_rooms, nicolae_overflow_two_pavilions, david_lair_shrubbed,
          orc_0_dummy, enter_bailey_2, grunt_decor_resistance,
          nicolae_shop_overcharged_wands
D:10:     layout_long_grid, kennysheep_mini,
          mainiacjoe_overflow_six_doors_small, fedhas_altar_1, zin_academy
D:11:     layout_stronghold, nicolae_rejected_hall, uniq_psyche, uniq_snorg,
          uniq_harold
D:12:     layout_big_octagon, slow_altar_2
D:13:     layout_stronghold, hellmonk_vaults_order_and_chaos,
          nicolae_trove_entry_isolated, nicolae_guarded_unrand_storm_shield,
          uniq_azrael
D:14:     layout_roguey, solitary_fountain, minmay_misc_feat_square,
          minmay_unpleasant_kobolds
D:15:     grunt_enter_depths_magical_seal, layout_loops_cross,
          grunt_decor_arrowhead, minmay_pinched_square
Temple:   jpeg_temple_clearing
Lair:1:   layout_layer_cave, serial_bayou_shore_b, grunt_megastairs_3,
          infiniplex_staircase_pool
Lair:2:   layout_loops_ring, pond, serial_bayou_shore_b, serial_bayou_shore_a,
          uniq_erica, uniq_fannar
Lair:3:   layout_hall_layers, nicolae_shoals_entry_flooding,
          spider_nest_entry_web_field, serial_bayou_shore_b
Lair:4:   layout_small_grid, slime_entry_1
Lair:5:   minmay_lair_end_frog_pond, layout_cave_pods, uniq_urug
Shoals:1: layout_shoals, uniq_roxanne
Shoals:2: layout_shoals, uniq_ilsuiw, uniq_mlioglotl
Shoals:3: layout_shoals, serial_shops, shop,
          nicolae_shoals_stone_sculpture_thing, uniq_mara
Shoals:4: shoals_end_simple, layout_shoals, serial_shops,
          nicolae_shop_tiny_glass, nicolae_shoals_arrival_archipelago,
          uniq_donald
Spider:1: nicolae_spider_hilbert_zone_5 [nicolae_spider_hilbert_3_sides_1_open,
          nicolae_spider_hilbert_4_sides_1_open,
          nicolae_spider_hilbert_4_sides_1_open,
          nicolae_spider_hilbert_6_sides_1_open,
          nicolae_spider_hilbert_6_sides_1_open], gammafunk_ghost_arena,
          nicolae_spider_rock_and_or_roll
Spider:2: layout_spider_delve, gammafunk_ghost_split,
          nicolae_spider_webs_and_nodes
Spider:3: layout_spider_delve
Spider:4: hellmonk_spider_rune_endless_swarm
Slime:1:  layout_caves, nicolae_slime_barrier
Slime:2:  layout_caves, special_room [special_room_jelly]
Slime:3:  layout_caves, basic_altar
Slime:4:  layout_caves
Slime:5:  slime_pit_nicolae_inversion
Orc:1:    layout_caves, lightli_church_of_beogh
Orc:2:    st_orc_town, layout_caves, enter_volcano_4
Elf:1:    layout_loops_cross, serial_shops, nicolae_shop_window_shopping,
          minmay_elf_necromancy
Elf:2:    elven_hall_of_blades_hangedman_original [nicolae_blade_bullseye],
          layout_geoelf_diagonals, uniq_jorgrun
Elf:3:    elf_hall_gauntlet_wide, layout_gridlike, minmay_misc_feat_rows,
          elves_outpost_lemuel
Vaults:1: vaults_room_boxed, nicolae_vaults_doubleplus_tesselated,
          nicolae_vaults_turnstiles, hangedman_vaults_nails,
          nicolae_vaults_triangles, nicolae_vaults_double_plus_1,
          vaults_room_stairs_pillars, layout_vaults_omnigrid
Vaults:2: nicolae_vaults_ring_of_whatevers, hangedman_vaults_impose,
          nicolae_vaults_surprise_closet, nicolae_vaults_heist,
          grunt_vaults_hallway_short, hangedman_vaults_unwind,
          hangedman_vaults_maws, nicolae_vaults_frosty_reception,
          nicolae_vaults_trapezoid_2, nicolae_vaults_heart-shaped_vault,
          layout_vaults_ring
Vaults:3: dpeg_vaults_hating_casters, v_misc_12, v_alt_pattern_5,
          grunt_vaults_bifocal, v_misc_18, blue_anna_dwarven_crypt,
          nicolae_vaults_apartment_2, vaults_dpeg_diagonal,
          hangedman_vaults_maws, nicolae_vaults_tetromino_L_1,
          layout_vaults_omnicross
Vaults:4: nicolae_vaults_apartment_2, ontoclasm_vaults_spin,
          nicolae_vaults_offset_grid_hallway_4,
          vaults_room_grunt_arrival_checkpoint, vaults_mumra_lcd,
          nicolae_vaults_tetromino_Z_1, nicolae_vaults_trapezoid_lopsided_3,
          nicolae_vaults_trapezoid_lopsided_1, nicolae_vaults_tetromino_T_1,
          hangedman_vaults_impose, ontoclasm_vaults_bender, v_rooms_4,
          v_pattern_2, v_misc_3, layout_vaults_maze
Vaults:5
Crypt:1:  layout_catacombs, basic_altar, ebering_ghost_inner_flame,
          evilmike_ambush [evilmike_ambush_outer_basic,
          evilmike_ambush_inner_basic]
Crypt:2:  layout_regular_city
Crypt:3:  cryptofortress_bobbens, uniq_josephina
Tomb:1
Tomb:2:   uniq_mennas
Tomb:3
Depths:1: minmay_the_grid_triangle_9x9_rhombus_thin_mashed
          [minmay_the_grid_triangle_9x9_thin_v,
          minmay_the_grid_triangle_9x9_prize_top_heavy,
          minmay_the_grid_triangle_9x9_swiss_cheese,
          minmay_the_grid_triangle_9x9_zippers_vertical], layout_honeycomb,
          enter_ziggurat_c, abyss_entry_flame_altar, grunt_mini_vestibule,
          kennysheep_generic_room_6
Depths:2: dreamdust_experimentation, layout_gridlike, grunt_pan_entry_spiral,
          abyss_entry, hangedman_tar_grid_catacomb,
          infiniplex_staircase_hallway_doors, grunt_megastairs_5, uniq_nikola
Depths:3: minmay_box_of_statues, layout_honeycomb, grunt_hell_entry_dis_mu,
          chequers_serial_rivers_micro_a, hangedman_abyss_entry_splay,
          minmay_misc_feat_roman, laboratory, infiniplex_staircase_zigzag_5,
          uniq_xtahua
Depths:4: evilmike_zot_entry_basic, layout_gridville, hellmouth_1,
          chequers_serial_rivers_large_a, rand_demon_pan_entry_7,
          serial_bayou_shore_b
Hell
Dis:1:    layout_regular_city, nicolae_dis_grated_feature
Dis:2:    layout_gridville
Dis:3:    layout_gridville
Dis:4:    nicolae_dis_hell_of_blades
Dis:6:    layout_gridville, nicolae_dis_emergency_hatch
Dis:7:    dis_hangedman
Geh:1:    nicolae_hells_demon_pit, layout_gehenna_pools_box
Geh:2:    layout_gehenna_lava_caves
Geh:3:    layout_gehenna_lava_caves
Geh:4:    layout_gehenna_lava_caves
Geh:5:    layout_gehenna_pools_triple
Geh:6:    layout_gehenna_lava_caves
Geh:7:    evilmike_geh
Coc:1:    layout_cocytus_water_paths
Coc:2:    layout_ice_bergs
Coc:3:    layout_cocytus_water_paths
Coc:4:    layout_cocytus_delve
Coc:5:    nicolae_coc_on_the_berg
Coc:6:    layout_cocytus_delve
Coc:7:    coc_grunt
Tar:1:    layout_grid_maze
Tar:2:    layout_catacombs
Tar:4:    layout_honeycomb
Tar:5:    layout_cathedral_of_symmetry
Tar:6:    layout_catacombs, nicolae_hells_leichenhalle
Tar:7:    tar_minmay_river
Zot:1:    layout_gridville, gammafunk_ghost_ooze
Zot:2:    layout_gridlike, gammafunk_ghost_crypt, grunt_megastairs_1
Zot:3:    layout_misc_corridors, nzn_ghost_randoct
Zot:4:    layout_twisted_circle, grunt_megastairs_2
Zot:5:    layout_misc_corridors, hangedman_feature_mirror, guppyfry_library_mini

Skill      XL: |  1  2  3  4  5  6  7  8  9 10 11 12 13 14 15 16 17 18 19 20 21 22 23 24 25 26 27 |
---------------+----------------------------------------------------------------------------------+-----
Stealth        | 1 2 5 |  5.5
Dodging        | 2 3 7 10 11 13 15 16 17 27 | 27.0
Ranged Weapons | 4 7 18 | 18.0
Fighting       | 3 4 6 9 10 12 15 16 18 19 21 22 27 | 27.0
Long Blades    | 8 12 13 14 20 | 20.0
Shapeshifting  | 5 6 9 11 14 16 18 21 | 21.4
Invocations    | 6 10 12 13 14 21 | 21.5
Throwing       | 6 |  6.0
Evocations     | 9 10 20 | 20.3
Shields        | 8 14 15 17 18 19 27 | 27.0
Transmutations | 8 |  8.0
Translocations | 3 10 12 | 12.0
Spellcasting   | 8 |  8.2
Air Magic      | 4 |  4.0

Action                     |  1- 3 |  4- 6 |  7- 9 | 10-12 | 13-15 | 16-18 | 19-21 | 22-24 | 25-27 || total
---------------------------+-------+-------+-------+-------+-------+-------+-------+-------+-------++-------
  Melee: Falchion          |       |     4 |       |       |       |       |       |       |       ||     4
         Tailslap          |       |     1 |    44 |   100 |   166 |   326 |   367 |   657 |  2104 ||  3765
         Battleaxe         |       |     9 |   164 |       |       |       |       |       |       ||   173
         Scimitar          |       |       |    74 |   516 |   942 |  1216 |       |   310 |    99 ||  3157
         Punch             |       |       |     1 |    12 |     9 |    10 |       |       |       ||    32
         Maw               |       |       |       |       |    38 |   410 |   459 |   704 |  2127 ||  3738
         Demon blade       |       |       |       |       |       |   228 |  1564 |  1792 |       ||  3584
         Bite              |       |       |       |       |       |       |       |   236 |   135 ||   371
         Eudemon blade     |       |       |       |       |       |       |       |       |  7185 ||  7185
         Unarmed           |       |       |       |       |       |       |       |       |    15 ||    15
   Fire: Shortbow          |   125 |   118 |     6 |   135 |    57 |    38 |       |       |       ||   479
         Hand crossbow     |       |       |       |       |       |       |       |       |   145 ||   145
  Throw: Dart              |       |       |       |       |       |       |       |       |     2 ||     2
   Cast: Wereblood         |       |       |       |       |       |       |       |     1 |    28 ||    29
         Vhi's Electric Ch |       |       |       |       |       |       |       |       |   350 ||   350
         Manifold Assault  |       |       |       |       |       |       |       |       |    89 ||    89
 Invoke: Shadow Form       |       |       |       |       |       |       |     1 |     1 |       ||     2
         Shadow Step       |       |       |       |       |       |       |     1 |       |       ||     1
         Brand Weapon With |       |       |       |       |       |       |       |       |     1 ||     1
         Cleansing Flame   |       |       |       |       |       |       |       |       |    28 ||    28
         Divine Shield     |       |       |       |       |       |       |       |       |    21 ||    21
         Summon Divine War |       |       |       |       |       |       |       |       |    16 ||    16
Ability: Breathe Fire      |       |       |       |     9 |     5 |    20 |     3 |     1 |       ||    38
         Begin Untransform |       |       |       |     1 |       |       |       |       |       ||     1
  Evoke: Wand              |       |       |       |    15 |     8 |     8 |     3 |    10 |    15 ||    59
         Phial of floods   |       |       |       |       |     2 |     1 |       |       |       ||     3
         Phantom mirror    |       |       |       |       |       |       |       |       |     1 ||     1
    Use: Scroll            |     6 |     3 |     8 |    10 |     9 |    17 |     2 |    10 |    40 ||   105
         Potion            |       |     1 |       |     5 |     2 |    15 |     2 |    17 |    60 ||   102
   Stab: Sleeping          |       |     1 |     6 |     4 |     7 |    36 |    70 |    36 |       ||   160
         Petrified         |       |       |       |       |     2 |       |       |       |       ||     2
         Distracted        |       |       |       |       |     3 |    11 |     6 |    16 |       ||    36
 Armour: Skin              |     6 |    20 |    62 |   115 |   137 |   239 |   139 |   207 |   840 ||  1765
  Dodge: Dodged            |    20 |    59 |   175 |   444 |  1046 |  1788 |   632 |  1281 |  4308 ||  9753
         Repelled          |       |       |       |       |       |       |       |       |    31 ||    31
  Block: Kite shield       |       |       |       |       |       |   522 |  1101 |  1996 |  3625 ||  7244
         Reflection        |       |       |       |       |       |    27 |       |       |       ||    27
         Tower shield      |       |       |       |       |       |       |       |       |  4444 ||  4444
   Form: Beast             |       |       |       |     1 |       |       |       |       |       ||     1
         Maw               |       |       |       |       |     1 |       |       |       |     1 ||     2
         Statue            |       |       |       |       |       |       |       |       |     2 ||     2

Table legend: (Time is in decaauts)
 A = Elapsed time spent in this place.
 B = Non-inter-level travel time spent in this place.
 C = Inter-level travel time spent in this place.
 D = Time resting spent in this place.
 E = Time spent auto-exploring this place.
 F = Levels seen in this place.
 G = Mean time per level.
                   A        B        C        D        E       F      G
               +--------+--------+--------+--------+--------+-----+--------+
         Total | 131904 | 117803 |  14101 |  25178 |  59055 | 111 | 1188.3 |
       Dungeon |  24799 |  18212 |   6587 |   2757 |  11876 |  15 | 1653.3 |
        Temple |      4 |      0 |      4 |      0 |      0 |   1 |    4.0 |
          Lair |  11421 |  10091 |   1330 |   2446 |   5819 |   5 | 2284.2 |
        Shoals |   5734 |   5235 |    499 |    411 |   3429 |   4 | 1433.5 |
   Spider Nest |   7087 |   6749 |    338 |   1944 |   3198 |   4 | 1771.8 |
    Slime Pits |   2475 |   2235 |    240 |    566 |    572 |   5 |  495.0 |
  Orcish Mines |   3289 |   3046 |    243 |    896 |   1342 |   2 | 1644.5 |
   Elven Halls |   5234 |   4691 |    543 |    817 |   2570 |   3 | 1744.7 |
        Vaults |  10025 |   8464 |   1561 |   1127 |   5196 |   5 | 2005.0 |
         Crypt |   6311 |   5932 |    379 |   1087 |   3436 |   3 | 2103.7 |
          Tomb |   5394 |   4974 |    420 |   2580 |   1084 |   3 | 1798.0 |
        Depths |   8115 |   6982 |   1133 |    924 |   4132 |   4 | 2028.8 |
          Hell |   1872 |   1701 |    171 |   1031 |    368 |   1 | 1872.0 |
           Dis |   1254 |   1245 |      9 |    236 |    143 |   6 |  209.0 |
       Gehenna |   3085 |   2979 |    106 |    544 |   1298 |   7 |  440.7 |
       Cocytus |   3892 |   3803 |     89 |   2239 |    200 |   7 |  556.0 |
      Tartarus |   4270 |   4176 |     94 |   1483 |   1214 |   6 |  711.7 |
           Zot |   7934 |   7586 |    348 |   1395 |   4107 |   5 | 1586.8 |
         Abyss |   1824 |   1824 |      0 |    122 |    434 |   6 |  304.0 |
   Pandemonium |  16891 |  16891 |      0 |   2260 |   8563 |  16 | 1055.7 |
         Trove |     79 |     79 |      0 |      0 |      0 |   1 |   79.0 |
        Bailey |    720 |    720 |      0 |    306 |     71 |   1 |  720.0 |
       Volcano |    187 |    187 |      0 |      0 |      0 |   1 |  187.0 |
               +--------+--------+--------+--------+--------+-----+--------+

Top non-repeatable levels by time:
  Tomb:1: 3490 daAuts
    D:11: 3219 daAuts
    D:13: 3130 daAuts
    D:10: 3049 daAuts
Vaults:1: 2835 daAuts
   Tar:7: 2763 daAuts
     D:9: 2695 daAuts
  Lair:3: 2669 daAuts
   Geh:7: 2625 daAuts
   Zot:4: 2542 daAuts
  Lair:5: 2489 daAuts
Depths:1: 2454 daAuts
  Lair:1: 2444 daAuts
Spider:4: 2357 daAuts
 Crypt:3: 2244 daAuts
